 Dungeon Crawl Stone Soup version 0.30-a0-223-gcb0039aa0c (webtiles) character file.

Game seed: 18182122595702079070

482350 qw the Slayer (level 24, -8/18 HPs)
             Began as a Gargoyle Fighter on Oct 9, 2022.
             Was a Follower of Okawaru.
             Killed by divine providence
             ... invoked by a daeva
              (15 damage)
             ... on level 4 of the Depths.
             The game lasted 00:33:00 (76968 turns).

qw the Slayer (Gargoyle Fighter)                   Turns: 76968, Time: 00:33:00

Health: -8/18      AC: 75    Str: 47    XL:     24   Next: 56%
Magic:  21/21      EV: 10    Int: 22    God:    Okawaru [*.....]
Gold:   12         SH: 25    Dex:  8    Spells: 23/23 levels left

rFire   + . .      SeeInvis +    z - +9 broad axe (vamp)
rCold   + + .      Faith    .    b - +0 tower shield
rNeg    + + +      Spirit   .    a - +12 crystal plate armour
rPois   inf        Reflect  +    w - +0 helmet of Liat {Str+9}
rElec   +          Harm     .    o - +4 cloak "Joixt" {Drain rF+ rN+ Regen+}
rCorr   .          Rampage  .    F - +1 pair of gloves {infuse}
Will    +....                    i - +2 pair of boots of Quick Freedom {rN++ Int+4}
Stlth   ..........               s - amulet of reflection
HPRegen 1.03/turn                G - ring "Xalusk" {rPois rC++ Dex+2 Slay+4}
MPRegen 0.17/turn                j - ring of Muota {MP-9 Str+9 Int+6 Dex-3 SInv}

@: flying, bezotted
A: sickness immunity, AC +18, big wings, negative energy resistance 1,
electricity resistance, torment resistance 1, petrification resistance, talons
1, iridescent scales 1
}: 3/15 runes: decaying, silver, gossamer
a: Renounce Religion, Heroism


You were on level 4 of the Depths.
You worshipped Okawaru.
Okawaru was aware of your devotion.
You visited 9 branches of the dungeon, and saw 41 of its levels.
You visited the Abyss 2 times.
You visited 1 bazaar.
You also visited: Gauntlet.

You collected 5238 gold pieces.
You spent 5226 gold pieces at shops.


Innate Abilities, Weirdness & Mutations

You are immune to sickness and miasma.
Your stone body is resilient. (AC +18)
You are immune to poison.
Your large and strong wings let you fly.
You resist negative energy. (rN+)
You are resistant to electric shocks. (rElec)
You are resistant to unholy torment.
You are immune to petrification.
You have sharp toenails.
You are partially covered in iridescent scales. (AC +2)


   Skills:
 + Level 22.6 Fighting
 - Level 18.0 Axes
 - Level 13.0 Throwing
 - Level 22.0 Armour
 - Level 8.0 Dodging
 - Level 21.6 Shields
 - Level 10.0 Invocations


You had 23 spell levels left.
You didn't know any spells.
Your spell library was empty.

Inventory:

Hand Weapons
 z - a +9 vampiric broad axe (weapon)
Missiles
 h - 5 silver boomerangs
 q - 18 boomerangs
 D - 7 silver javelins (quivered)
Armour
 a - a +12 crystal plate armour (worn)
 b - a +0 tower shield (worn)
 i - the +2 pair of boots of Quick Freedom (worn) {rN++ Int+4}
   (You acquired it on level 6 of the Dungeon)

   Int:       It affects your intelligence (+4).
   rN:        It greatly protects you from negative energy.
 o - the +4 cloak "Joixt" (worn) {Drain rF+ rN+ Regen+}
   (Okawaru gifted it to you in a Gauntlet)

   rF:        It protects you from fire.
   rN:        It protects you from negative energy.
   Regen:     It increases your rate of health regeneration.
   Drain:     It drains your maximum health when unequipped.
 w - the +0 helmet of Liat (worn) {Str+9}
   (You found it on level 5 of the Lair of Beasts)

   Str:       It affects your strength (+9).
 F - a +1 pair of gloves of infusion (worn)
Jewellery
 c - a ring of fire
 j - the ring of Muota (right hand) {MP-9 Str+9 Int+6 Dex-3 SInv}
   (You bought it in a shop on level 7 of the Dungeon)

   [ring of intelligence]

   Str:       It affects your strength (+9).
   Int:       It affects your intelligence (+6).
   Dex:       It affects your dexterity (-3).
   MP:        It affects your magic capacity (-9).
   SInv:      It lets you see invisible.
 n - a ring of protection from cold
 s - an amulet of reflection (around neck)
 A - a ring of resist corrosion
 C - a ring of resist corrosion
 G - the ring "Xalusk" (left hand) {rPois rC++ Dex+2 Slay+4}
   (You found it on level 3 of the Depths)

   [ring of slaying]

   Dex:       It affects your dexterity (+2).
   Slay:      It affects your accuracy & damage with ranged weapons and melee
   (+4).
   rC:        It greatly protects you from cold.
   rPois:     It protects you from poison.
Scrolls
 g - 19 scrolls of identify
 p - 7 scrolls of teleportation
 r - 3 scrolls of enchant weapon
 B - 2 scrolls of brand weapon
Potions
 d - 10 potions of might
 e - 4 potions of haste
 f - 8 potions of attraction
 k - 8 potions of mutation
 l - 9 potions of lignification
 m - a potion of resistance
 t - 5 potions of magic
 u - 3 potions of cancellation
 x - 3 potions of heal wounds

Dungeon Overview and Level Annotations

Branches:
Dungeon (15/15)            Temple (1/1) D:6            Lair (5/5) D:10
  Swamp (4/4) Lair:2       Spider (4/4) Lair:3        Slime (0/5) Lair:5
    Orc (2/2) D:11            Elf (0/3) Orc:2        Vaults (5/5) D:14
  Crypt (0/3) Vaults:2     Depths (4/4) D:15 Zot: 936     Zot (1/5) Depths:4
Gauntlet (visited)

Altars:
Ashenzari
Cheibriados
Dithmenos
Elyvilon
Fedhas
Gozag
Hepliaklqana
Kikubaaqudgha
Makhleb
Nemelex Xobeh
Okawaru
Qazlal
Ru
Sif Muna
Trog
Uskayaw
Vehumet
Wu Jian
Xom
Yredelemnul
Zin
The Shining One
Jiyva

Shops:
D:1 [   D:7 *   Orc:2 (*:[   Vaults:1 (   Vaults:4 :

Portals:
Hell: Depths:1 Depths:2 Depths:3 Depths:4
Abyss: Depths:3
Pandemonium: Depths:1 Depths:2
Ziggurat: Depths:2

Annotations:
D:14 2 transporters, Imiczer's ghost, journeyman FoFi
Swamp:3 1 runed translucent door
Swamp:4 1 runed translucent door, qw's ghost, adept GrFi
Spider:1 1 runed translucent door, Gohat's ghost, journeyman HOBe
Depths:1 2 transporters
Depths:4 1 runed translucent door


Message History

There is an open door here.
There is an open door here.
There is a stone staircase leading up here.
There is an open door here.
There is an open door here.
There is an open door here.
There is an open door here.
There is an open door here.
There is a stone staircase leading up here.
There is an open door here.
There is an open door here.
There is an open door here.
Things that are here:
a +0 kite shield of reflection; a +0 ring mail; a +3 war axe The daeva shouts!
Zot's power touches on you...
You have lingered too long.
Zot senses you.
Dive deeper or flee this branch before you suffer!
The daeva calls down the wrath of the Shining One upon you.
The Shining One smites you!
76906 ||| FLEEEEING.
Things that are here:
a +0 kite shield of reflection; a +0 ring mail; a +3 war axe Really rest while Zot is near?
There is an open door here.
There is an open door here.
There is an open door here.
There is a stone staircase leading up here.
There is an open door here.
There is an open door here.
There is an open door here.
Things that are here:
a +0 kite shield of reflection; a +0 ring mail; a +3 war axe The daeva calls down the wrath of the Shining One upon you.
The Shining One smites you!
Ouch! That really hurt!
76968 ||| FLEEEEING.
The daeva calls down the wrath of the Shining One upon you.
The Shining One smites you!
Ouch! That really hurt!
You die...

#.._.#~.#
#.###...........
#....#~.#
#.###.#.######.#
#.~#/..?# #[......# #.#
#.~###~.# ##..###..##
#..
#.~###~.###..##<##..##
###
#.~~~~~.##..###.###..#
#
#.......##.####.####.#
#
####'#####.#<.._.A<#.##
# #.# #@###+.####..# #
#.#####..###A###...# #
#...#.....##A##....# #
###.#......###..#~.# #
#.'..........##~.#####
###..<.....~###~.'....
#........~# #~.#####
#........~###~.# #
#........~~~~~.# #


You could see a daeva.

Vanquished Creatures
  A dread lich (Vaults:5)
  3 ancient liches
  Mara (Swamp:4)
  Mennas (Vaults:3)
  4 juggernauts (Depths:3)
  Sojobo (Vaults:5)
  Boris (twice) (Vaults:4 Depths:4)
  Margery (Vaults:4)
  Saint Roka (Vaults:4)
  A caustic shrike (Depths:3)
  Xtahua (Depths:4)
  3 golden dragons
  2 doom hounds (Depths:2)
  Arachne (Spider:3)
  Rupert (D:14)
  3 tentacled monstrosities
  5 liches
  Grunn (Depths:2)
  Mlioglotl (Spider:2)
  Asterion (Vaults:1)
  6 titans
  A quicksilver dragon (Vaults:5)
  Frances (Swamp:2)
  Gastronok (D:9)
  7 sphinxes
  An Executioner (Abyss:2)
  2 shadow dragons
  7 storm dragons
  2 thorn hunters (Swamp:4)
  9 tengu reavers
  2 fenstrider witches
  8 fire giants
  3 iron dragons
  6 frost giants
  2 deep elf sorcerers (Vaults:5)
  5 spectral caustic shrikes (Depths:2)
  6 ghost moths
  5 emperor scorpions
  8 vault wardens
  Aizul (Vaults:1)
  A draconian shifter (Depths:4)
  4 balrugs
  A draconian stormcaller (Depths:4)
  2 spriggan defenders (Depths:4)
  21 ironbound preservers
  3 broodmothers
  A cacodemon (Depths:3)
  4 war gargoyles
  16 stone giants
  2 orc warlords
  2 reapers
  20 very ugly things
  2 green draconians (Depths:4)
  8 ironbound thunderhulks
  A yellow draconian (Depths:4)
  A vampire knight (Depths:3)
  A deep elf demonologist (Vaults:5)
  A white draconian (Depths:4)
  11 eleionomae
  A minotaur (Gauntlet)
  5 bunyips
  A minotaur (shapeshifter) (Vaults:5)
  18 spark wasps
  2 red draconians (Depths:4)
  A purple draconian (Depths:4)
  8 dire elephants
  A blizzard demon (Depths:1)
  2 deep elf death magi
  9 fire dragons
  2 deep elf high priests (Vaults:5)
  16 ettins
  A shambling mangrove (Swamp:4)
  10 yaktaur captains
  9 great orbs of eyes
  6 entropy weavers
  A hell beast (Depths:3)
  9 rakshasas
  A juggernaut simulacrum (Abyss:2)
  5 catoblepae
  A peacekeeper (Vaults:3)
  22 hydras
  6 spriggan air magi
  8 ice dragons
  7 ironbound frosthearts
  3 radroaches (Spider:2)
  27 vault guards
  3 ogre magi
  8 boulder beetles
  7 centaur warriors
  A jorogumo (Spider:1)
  A ghost crab (Swamp:3)
  13 death yaks (Lair:5)
  An orc high priest (Orc:1)
  4 alligators
  6 tengu warriors
  10 deep troll shamans
  3 hell hogs (Depths:2)
  12 two-headed ogres
  3 thrashing horrors (Abyss:2)
  14 deep troll earth magi
  14 spriggans
  2 wretched stars (Abyss:2)
  9 spriggan berserkers
  14 hell knights
  5 iron trolls
  2 soul eaters (Depths:3)
  3 deep elf knights (Vaults:5)
  A fire crab (shapeshifter) (D:13)
  2 sun moths
  4 sixfirhies
  2 sun demons (Depths:3)
  6 pharaoh ants
  3 goliath frogs
  3 death drakes
  8 swamp dragons
  An obsidian statue (Depths:3)
  2 spriggan druids
  2 glowing orange brains
  73 deep trolls
  6 steelbarb worms
  A storm dragon skeleton (Depths:1)
  An orange crystal statue (Depths:1)
  10 orb spiders
  4 bog bodies (Swamp:4)
  18 ironbound convokers
  4 phantasmal warriors
  8 orc knights
  7 necromancers
  2 flayed ghosts
  13 lindwurms
  A deep elf archer (Vaults:5)
  9 wizards
  3 deep elf pyromancers
  14 wolf spiders
  4 deep elf zephyrmancers
  An orc sorcerer (Orc:2)
  34 ugly things
  A shadow dragon skeleton (Depths:1)
  2 shining eyes (shapeshifter)
  2 manticores (Lair:5)
  11 cyclopes
  A manticore (shapeshifter) (Depths:4)
  A worldbinder (Abyss:2)
  6 will-o-the-wisps
  4 black mambas
  4 moths of wrath
  14 vault sentinels
  3 rust devils
  An elephant (shapeshifter) (D:15)
  5 smoke demons
  An apocalypse crab (Abyss:2)
  2 torpor snails
  An elephant (Gauntlet)
  5 gargoyles
  9 cane toads
  An ice statue (D:14)
  5 orange demons
  3 unseen horrors
  3 rime drakes
  4 demonic crawlers
  3 efreet
  A kobold demonologist (D:10)
  6 ice devils
  A spark wasp simulacrum (Depths:1)
  A freezing wraith (Vaults:5)
  12 komodo dragons
  3 ancient zymes (Abyss:2)
  A red devil (Depths:3)
  18 yaktaurs
  3 tormentors (Depths:2)
  2 tengu conjurers (Depths:2)
  2 burning bushes (Lair:5)
  2 bloated husks
  6 trolls
  2 polar bears
  9 tyrant leeches
  22 hornets
  12 raiju (Abyss:2)
  26 tarantellas
  A meliai (shapeshifter) (D:13)
  32 slime creatures
  9 blink frogs
  A jumping spider (shapeshifter) (D:15)
  3 shadows
  19 culicivoras
  24 humans
  24 jumping spiders
  10 water elementals
  A wraith (D:10)
  4 ynoxinuls
  50 yaks
  3 wyverns
  A hog (shapeshifter) (D:14)
  3 chaos spawn
  2 neqoxecs
  3 golden eyes (Abyss:2)
  49 redbacks
  3 basilisks
  A steam dragon (Lair:3)
  15 vampire mosquitoes
  3 wargs (Vaults:4)
  12 swamp worms
  A two-headed ogre zombie (D:11)
  An acid dragon (D:10)
  A water moccasin (shapeshifter) (Vaults:5)
  10 water moccasins
  12 large abominations (Abyss:2)
  8 swamp drakes
  11 orc warriors
  An ice beast (Vaults:2)
  4 sky beasts
  4 black bears
  5 centaurs
  3 ettin simulacra (Depths:2)
  10 ogres
  4 boggarts (Vaults:2)
  13 wolves
  A kobold brigand (D:6)
  3 phantoms (D:5)
  11 bullfrogs
  5 scorpions
  A glowing shapeshifter simulacrum (Depths:1)
  8 small abominations (Abyss:2)
  3 wights (D:8)
  8 electric eels
  5 howler monkeys
  3 quasits (Abyss:2)
  2 jellies
  6 hounds
  12 orc priests
  3 gnoll boudas
  Jessica (D:3)
  7 iguanas
  Natasha (twice) (D:3)
  14 orc wizards
  4 hell rats (Lair:4)
  7 ogre zombies (D:11)
  9 adders
  12 gnolls
  2 shadow imps (D:6)
  7 white imps
  An ufetubus (D:3)
  2 worms (D:3)
  7 dart slugs
  53 orcs
  5 ball pythons
  9 bats
  12 endoplasms
  5 giant cockroaches
  11 goblins
  12 hobgoblins
  4 jackals (D:4)
  8 kobolds
  5 quokkas
  5 frilled lizards
  A goblin skeleton (D:11)
  A goblin zombie (D:11)
  A hobgoblin skeleton (D:11)
  4 hobgoblin zombies (D:11)
  3 orc skeletons (D:11)
  15 orc zombies (D:11)
  8 rats
  4 briar patches (Swamp:4)
  A bush (Lair:5)
1679 creatures vanquished.

Vanquished Creatures (others)
  Kirke (Lair:3)
  A fire giant (Depths:4)
  An eleionoma (Swamp:2)
  A hydra (D:15)
  2 bloated husks
  A spriggan (Depths:4)
  A swamp worm (Swamp:2)
  10 foxfires (Swamp:4)
  68 fungi
  84 plants
170 creatures vanquished.

Grand Total: 1849 creatures vanquished

Notes
Turn   | Place    | Note
-------+----------+-------------------------------------------
     0 | D:1      | qw the Gargoyle Fighter began the quest for the Orb.
     0 | D:1      | Reached XP level 1. HP: 14/14 MP: 1/1
     0 | D:1      | 0 ||| qw: Version: 0.2-a-17-g06abaee
     0 | D:1      | 0 ||| qw: Game counter: 2152
     0 | D:1      | 0 ||| qw: Always use a shield: true
     0 | D:1      | 0 ||| qw: God list: Okawaru
     0 | D:1      | 0 ||| qw: Allow faded altars: false
     0 | D:1      | 0 ||| qw: Do Orc after D:15 true
     0 | D:1      | 0 ||| qw: Do second Lair branch before Depths: true
     0 | D:1      | 0 ||| qw: Lair rune preference: random
     0 | D:1      | 0 ||| qw: Plans: Normal, Zot:1-4, God:TSO, Crypt, Tomb,
                  | Pan, Slime:5, Hells, Abyss, Orb
     0 | D:1      | 0 ||| PLANNING D:1-11
   104 | D:1      | Reached XP level 2. HP: 19/19 MP: 2/2
   105 | D:1      | 105 ||| Stepping ~*~*~tactically~*~*~ (stealth).
   108 | D:1      | 108 ||| Stepping ~*~*~tactically~*~*~ (stealth).
   112 | D:1      | 112 ||| Stepping ~*~*~tactically~*~*~ (stealth).
   113 | D:1      | 113 ||| Stepping ~*~*~tactically~*~*~ (stealth).
   118 | D:1      | 118 ||| Stepping ~*~*~tactically~*~*~ (stealth).
   376 | D:1      | Reached skill level 3 in Axes
   377 | D:1      | Reached XP level 3. HP: 23/23 MP: 3/3
   444 | D:1      | 444 ||| DROPPING +0 club.
   449 | D:1      | Found a faded altar of an unknown god.
   472 | D:1      | 472 ||| Stepping ~*~*~tactically~*~*~ (stealth).
   476 | D:1      | 476 ||| Stepping ~*~*~tactically~*~*~ (stealth).
   477 | D:1      | 477 ||| Stepping ~*~*~tactically~*~*~ (stealth).
   930 | D:1      | Found Vuoveriq's Armour Shoppe.
   944 | D:1      | 944 ||| SHOPLISTING +0 kite shield (63 gold, have 51).
   944 | D:1      | 944 ||| SHOPLISTING +1 hat of willpower (224 gold, have
                  | 51).
   968 | D:1      | 968 ||| UPGRADING to +0 cloak.
   973 | D:1      | 973 ||| READING scroll labelled KANTUI RUIT.
   974 | D:1      | 974 ||| READING scroll labelled PAUMUTR NOAPS.
  1086 | D:2      | 1086 ||| Stepping ~*~*~tactically~*~*~ (stealth).
  1087 | D:2      | 1087 ||| Stepping ~*~*~tactically~*~*~ (stealth).
  1089 | D:2      | 1089 ||| Stepping ~*~*~tactically~*~*~ (stealth).
  1100 | D:2      | Reached XP level 4. HP: 22/28 MP: 4/4
  1165 | D:2      | 1165 ||| Stepping ~*~*~tactically~*~*~ (hiding).
  1375 | D:2      | 1375 ||| READING scroll of enchant weapon.
  1375 | D:2      | 1375 ||| ENCHANTING +1 war axe.
  1431 | D:2      | 1431 ||| Stepping ~*~*~tactically~*~*~ (hiding).
  1432 | D:2      | 1432 ||| Stepping ~*~*~tactically~*~*~ (hiding).
  1582 | D:2      | You fall into a shaft and drop 2 floors!
  1608 | D:4      | HP: 4/28 [gnoll/+0 club (5)]
  1609 | D:4      | Reached XP level 5. HP: 3/32 MP: 5/5
  1609 | D:4      | HP: 1/32 [gnoll/+0 club (2)]
  1742 | D:4      | 1742 ||| DROPPING +0 mace.
  1772 | D:4      | Found a white marble altar of Elyvilon.
  1855 | D:4      | Reached XP level 6. HP: 37/37 MP: 6/6
  1895 | D:4      | 1895 ||| Stepping ~*~*~tactically~*~*~ (stealth).
  1931 | D:4      | 1931 ||| Stepping ~*~*~tactically~*~*~ (stealth).
  2056 | D:4      | Reached skill level 1 in Dodging
  2190 | D:4      | 2190 ||| UPGRADING to amulet of guardian spirit.
  2195 | D:4      | 2195 ||| READING scroll labelled VET KEUXZIACA.
  2196 | D:4      | 2196 ||| READING scroll labelled OFUJIUS BETWOANK.
  2197 | D:4      | 2197 ||| READING scroll labelled SAONLU ODALIKKEIL.
  2198 | D:4      | 2198 ||| READING scroll labelled XOCALO PUROSHRA.
  2199 | D:4      | 2199 ||| READING scroll labelled XOELIL ZOWNU.
  2212 | D:3      | 2212 ||| Stepping ~*~*~tactically~*~*~ (hiding).
  2252 | D:3      | 2252 ||| Stepping ~*~*~tactically~*~*~ (hiding).
  2264 | D:3      | Reached skill level 6 in Axes
  2264 | D:3      | Reached XP level 7. HP: 33/43 MP: 5/7
  2406 | D:3      | Noticed Natasha
  2406 | D:3      | Noticed Jessica
  2407 | D:3      | 2407 ||| Stepping ~*~*~tactically~*~*~ (stealth).
  2413 | D:3      | Killed Natasha
  2414 | D:3      | Killed Jessica
  2429 | D:3      | 2429 ||| Stepping ~*~*~tactically~*~*~ (stealth).
  2463 | D:3      | 2463 ||| Stepping ~*~*~tactically~*~*~ (stealth).
  2638 | D:3      | 2638 ||| Stepping ~*~*~tactically~*~*~ (stealth).
  2639 | D:3      | Noticed Natasha
  2640 | D:3      | 2640 ||| Stepping ~*~*~tactically~*~*~ (stealth).
  2642 | D:3      | 2642 ||| Stepping ~*~*~tactically~*~*~ (hiding).
  2643 | D:3      | 2643 ||| Stepping ~*~*~tactically~*~*~ (hiding).
  2646 | D:3      | 2646 ||| Stepping ~*~*~tactically~*~*~ (hiding).
  2666 | D:3      | Killed Natasha
  2843 | D:3      | 2843 ||| READING scroll labelled MUMEOT OSAKU.
  2846 | D:3      | 2846 ||| READING 2 scrolls of identify.
  2846 | D:3      | 2846 ||| IDENTIFYING amethyst potion
  2847 | D:3      | 2847 ||| DROPPING potion of flight.
  3383 | D:2      | 3383 ||| UPGRADING to +0 pair of gloves.
  3388 | D:2      | 3388 ||| READING 2 scrolls of identify.
  3388 | D:2      | 3388 ||| IDENTIFYING inky potion
  3546 | D:3      | 3546 ||| DRINKING 2 sedimented orange potions.
  3651 | D:4      | Found a hazy altar of Hepliaklqana.
  3651 | D:4      | Found a sparkling altar of Nemelex Xobeh.
  3651 | D:4      | Found a hide-covered altar of Uskayaw.
  3964 | D:4      | Found a bloodstained altar of Trog.
  4148 | D:4      | 4148 ||| READING scroll labelled TUL WEYFFAAGRU.
  4149 | D:4      | 4149 ||| DROPPING +0 flail.
  4154 | D:5      | Entered Level 5 of the Dungeon
  4188 | D:5      | Reached XP level 8. HP: 48/48 MP: 6/8
  4227 | D:5      | 4227 ||| READING scroll of enchant weapon.
  4227 | D:5      | 4227 ||| ENCHANTING +2 war axe of flaming.
  4348 | D:5      | 4348 ||| Stepping ~*~*~tactically~*~*~ (stealth).
  4413 | D:5      | Found a glowing golden altar of the Shining One.
  4581 | D:5      | Found a snail-covered altar of Cheibriados.
  4791 | D:5      | 4791 ||| UPGRADING to +1 helmet.
  4796 | D:5      | 4796 ||| READING scroll labelled OREYCE DEBOAR.
  4797 | D:5      | 4797 ||| READING scroll labelled KIPLUTAORGH.
  4824 | D:6      | 4824 ||| Stepping ~*~*~tactically~*~*~ (stealth).
  4898 | D:6      | 4898 ||| Stepping ~*~*~tactically~*~*~ (stealth).
  4899 | D:6      | 4899 ||| Stepping ~*~*~tactically~*~*~ (stealth).
  4906 | D:6      | 4906 ||| Stepping ~*~*~tactically~*~*~ (stealth).
  4913 | D:6      | Reached skill level 6 in Fighting
  5002 | D:6      | 5002 ||| Stepping ~*~*~tactically~*~*~ (stealth).
  5007 | D:6      | 5007 ||| Stepping ~*~*~tactically~*~*~ (stealth).
  5014 | D:6      | 5014 ||| Stepping ~*~*~tactically~*~*~ (stealth).
  5020 | D:6      | 5020 ||| Stepping ~*~*~tactically~*~*~ (stealth).
  5079 | D:6      | Found a stormy altar of Qazlal.
  5141 | D:6      | Found a staircase to the Ecumenical Temple.
  5142 | D:6      | 5142 ||| PLANNING TEMPLE
  5142 | D:6      | 5142 ||| UPGRADING to +0 plate armour.
  5152 | D:6      | 5152 ||| DROPPING +0 scale mail.
  5153 | D:6      | 5153 ||| DRINKING 2 bubbling green potions.
  5154 | D:6      | 5154 ||| READING 2 scrolls of identify.
  5154 | D:6      | 5154 ||| IDENTIFYING fuming coppery potion
  5155 | D:6      | 5155 ||| DROPPING potion of magic.
  5163 | D:6      | Reached XP level 9. HP: 55/55 MP: 9/9
  5168 | Temple   | Entered the Ecumenical Temple
  5169 | Temple   | 5169 ||| PLANNING D:1-11
  5202 | D:6      | Found a blossoming altar of Fedhas.
  5330 | D:6      | 5330 ||| Stepping ~*~*~tactically~*~*~ (hiding).
  5385 | D:6      | Found a shadowy altar of Dithmenos.
  5391 | D:6      | 5391 ||| FLEEEEING.
  5392 | D:6      | 5392 ||| FLEEEEING.
  5393 | D:6      | 5393 ||| FLEEEEING.
  5394 | D:6      | 5394 ||| Stepping ~*~*~tactically~*~*~ (hiding).
  5405 | D:6      | 5405 ||| FLEEEEING.
  5406 | D:6      | 5406 ||| FLEEEEING.
  5407 | D:6      | 5407 ||| FLEEEEING.
  5464 | D:6      | 5464 ||| Stepping ~*~*~tactically~*~*~ (stealth).
  5467 | D:6      | 5467 ||| Stepping ~*~*~tactically~*~*~ (stealth).
  5468 | D:6      | 5468 ||| Stepping ~*~*~tactically~*~*~ (stealth).
  5479 | D:6      | 5479 ||| Stepping ~*~*~tactically~*~*~ (hiding).
  5556 | D:6      | Found an iron altar of Okawaru.
  5557 | D:6      | 5557 ||| PLANNING OKAWARU WORSHIP
  5557 | D:6      | 5557 ||| READING scroll labelled CEPIT LIY.
  5557 | D:6      | Identified a scroll of acquirement
  5557 | D:6      | 5557 ||| ACQUIRING +2 pair of boots of Quick Freedom {rN++
                  | Int+4}
  5557 | D:6      | Acquired the +2 pair of boots of Quick Freedom {rN++ Int+4}
  5559 | D:6      | 5559 ||| UPGRADING to +2 pair of boots of Quick Freedom
                  | {rN++ Int+4}.
  5564 | D:6      | 5564 ||| READING 3 scrolls of identify.
  5564 | D:6      | 5564 ||| IDENTIFYING viscous purple potion
  5565 | D:6      | 5565 ||| READING 2 scrolls of identify.
  5565 | D:6      | 5565 ||| IDENTIFYING glowing black potion
  5566 | D:6      | 5566 ||| DROPPING potion of invisibility.
  5570 | D:6      | Became a worshipper of Warmaster Okawaru
  5571 | D:6      | 5571 ||| PLANNING D:1-11
  5571 | D:6      | 5571 ||| REMOVING amulet of guardian spirit.
  5761 | D:6      | Found an ornate altar of the Wu Jian Council.
  5869 | D:6      | 5869 ||| DROPPING amulet of guardian spirit.
  5870 | D:6      | 5870 ||| UPGRADING to amulet of the acrobat.
  5977 | D:7      | Reached skill level 6 in Armour
  6009 | D:7      | 6009 ||| Stepping ~*~*~tactically~*~*~ (hiding).
  6010 | D:7      | 6010 ||| Stepping ~*~*~tactically~*~*~ (hiding).
  6045 | D:7      | 6045 ||| Stepping ~*~*~tactically~*~*~ (stealth).
  6100 | D:7      | Reached skill level 9 in Axes
  6115 | D:7      | 6115 ||| Stepping ~*~*~tactically~*~*~ (stealth).
  6171 | D:7      | Found Gozag's Platinum Reserve.
  6171 | D:7      | Found an opulent altar of Gozag.
  6186 | D:7      | 6186 ||| SHOPLISTING ring of Muota {MP-9 Str+9 Int+6 Dex-3
                  | SInv} (4090 gold, have 480).
  6201 | D:7      | Found a shimmering altar of Xom.
  6300 | D:7      | 6300 ||| Stepping ~*~*~tactically~*~*~ (hiding).
  6308 | D:7      | Reached * piety under Okawaru
  6309 | D:7      | 6309 ||| INVOKING Heroism.
  6537 | D:7      | 6537 ||| READING 3 scrolls of identify.
  6537 | D:7      | 6537 ||| IDENTIFYING fizzy emerald potion
  6538 | D:7      | 6538 ||| READING 2 scrolls of identify.
  6538 | D:7      | 6538 ||| IDENTIFYING glowing amethyst potion
  6633 | D:8      | 6633 ||| INVOKING Heroism.
  6655 | D:8      | 6655 ||| Stepping ~*~*~tactically~*~*~ (hiding).
  6874 | D:8      | Found a basalt altar of Yredelemnul.
  7115 | D:8      | 7115 ||| INVOKING Heroism.
  7117 | D:8      | Reached skill level 1 in Invocations
  7148 | D:8      | Found a flagged portal.
  7155 | D:8      | 7155 ||| Stepping ~*~*~tactically~*~*~ (stealth).
  7157 | D:8      | 7157 ||| INVOKING Heroism.
  7168 | D:8      | Reached skill level 3 in Invocations
  7168 | D:8      | Reached ** piety under Okawaru
  7169 | D:8      | Reached XP level 10. HP: 57/63 MP: 8/13
  7237 | D:8      | 7237 ||| Stepping ~*~*~tactically~*~*~ (hiding).
  7281 | D:8      | 7281 ||| READING scroll of enchant weapon.
  7281 | D:8      | 7281 ||| ENCHANTING +3 war axe of flaming.
  7381 | D:8      | Found a radiant altar of Vehumet.
  7381 | D:8      | Found an ancient bone altar of Kikubaaqudgha.
  7382 | D:8      | Found a shimmering blue altar of Sif Muna.
  7528 | D:8      | Found a burning altar of Makhleb.
  7871 | D:8      | 7871 ||| DRINKING 2 bubbling sapphire potions.
  7872 | D:8      | 7872 ||| READING 2 scrolls of identify.
  7872 | D:8      | 7872 ||| IDENTIFYING glowing orange potion
  7873 | D:8      | 7873 ||| DROPPING potion of brilliance.
  7874 | D:8      | 7874 ||| DROPPING potion of degeneration.
  8154 | D:9      | 8154 ||| Stepping ~*~*~tactically~*~*~ (stealth).
  8157 | D:9      | 8157 ||| INVOKING Heroism.
  8161 | D:9      | 8161 ||| Stepping ~*~*~tactically~*~*~ (stealth).
  8174 | D:9      | 8174 ||| INVOKING Heroism.
  8291 | D:9      | Found a sacrificial altar of Ru.
  8607 | D:9      | Noticed Gastronok
  8608 | D:9      | 8608 ||| Stepping ~*~*~tactically~*~*~ (hiding).
  8618 | D:9      | 8618 ||| INVOKING Heroism.
  8633 | D:9      | Killed Gastronok
  8633 | D:9      | Reached *** piety under Okawaru
  8634 | D:9      | Reached skill level 9 in Armour
  8723 | D:9      | Found a broken altar of Ashenzari.
  8968 | D:9      | 8968 ||| READING scroll labelled YTSUPE EKORIPS.
  9112 | D:10     | Entered Level 10 of the Dungeon
  9162 | D:10     | 9162 ||| INVOKING Heroism.
  9202 | D:10     | 9202 ||| Stepping ~*~*~tactically~*~*~ (stealth).
  9231 | D:10     | Reached **** piety under Okawaru
  9260 | D:10     | Found a staircase to the Lair.
  9285 | D:10     | Noticed a two-headed ogre
  9286 | D:10     | 9286 ||| INVOKING Heroism.
  9289 | D:10     | Reached XP level 11. HP: 55/68 MP: 11/14
  9290 | D:10     | Noticed a cyclops
  9299 | D:10     | Killed a two-headed ogre
  9306 | D:10     | Killed a cyclops
  9380 | D:10     | 9380 ||| Stepping ~*~*~tactically~*~*~ (stealth).
  9398 | D:10     | Reached skill level 6 in Invocations
  9512 | D:10     | 9512 ||| READING scroll labelled VAEQOL NIPP.
  9559 | D:10     | 9559 ||| STAIRDANCE
  9584 | D:10     | 9584 ||| STAIRDANCE
  9610 | D:10     | 9610 ||| INVOKING Heroism.
  9611 | D:10     | 9611 ||| STAIRDANCE
  9616 | D:9      | Reached skill level 3 in Throwing
  9628 | D:9      | HP: 15/68 [something (4)]
  9875 | D:9      | 9875 ||| PLANNING LAIR
  9896 | Lair:1   | Entered Level 1 of the Lair of Beasts
  9897 | Lair:1   | 9897 ||| INVOKING Heroism.
  9902 | Lair:1   | Reached ***** piety under Okawaru
  9944 | Lair:1   | 9944 ||| INVOKING Heroism.
 10034 | Lair:1   | 10034 ||| INVOKING Heroism.
 10125 | Lair:1   | 10125 ||| INVOKING Heroism.
 10269 | Lair:1   | Received a gift from Okawaru
 10307 | Lair:1   | 10307 ||| Stepping ~*~*~tactically~*~*~ (stealth).
 10316 | Lair:1   | 10316 ||| INVOKING Heroism.
 10385 | Lair:1   | Noticed a boulder beetle
 10386 | Lair:1   | 10386 ||| INVOKING Heroism.
 10387 | Lair:1   | 10387 ||| INVOKING Finesse.
 10410 | Lair:1   | Killed a boulder beetle
 10410 | Lair:1   | Received a gift from Okawaru
 10487 | Lair:1   | 10487 ||| Stepping ~*~*~tactically~*~*~ (stealth).
 10591 | Lair:1   | You fall into a shaft and drop 1 floor!
 10658 | Lair:2   | Received a gift from Okawaru
 10659 | Lair:2   | Reached skill level 9 in Fighting
 10673 | Lair:2   | 10673 ||| READING scroll labelled HUDWIJ JAHITE.
 10675 | Lair:2   | Noticed a boulder beetle
 10676 | Lair:2   | 10676 ||| INVOKING Heroism.
 10677 | Lair:2   | 10677 ||| INVOKING Finesse.
 10688 | Lair:2   | Killed a boulder beetle
 10822 | Lair:1   | Reached skill level 9 in Invocations
 10822 | Lair:1   | Reached XP level 12. HP: 76/76 MP: 18/18
 11055 | Lair:1   | 11055 ||| READING 2 scrolls of identify.
 11055 | Lair:1   | 11055 ||| IDENTIFYING glowing golden potion
 11080 | Lair:2   | 11080 ||| STAIRDANCE
 11141 | Lair:2   | 11141 ||| INVOKING Heroism.
 11353 | Lair:2   | 11353 ||| Stepping ~*~*~tactically~*~*~ (stealth).
 11355 | Lair:2   | 11355 ||| INVOKING Heroism.
 11485 | Lair:2   | Found a staircase to the Swamp.
 11603 | Lair:2   | 11603 ||| INVOKING Heroism.
 12062 | Lair:2   | 12062 ||| UPGRADING to +2 cloak.
 12072 | Lair:2   | 12072 ||| DROPPING +0 cloak.
 12073 | Lair:2   | 12073 ||| DRINKING 3 pink potions.
 12178 | Lair:2   | 12178 ||| DROPPING 2 potions of berserk rage.
 12241 | Lair:3   | 12241 ||| READING scroll of acquirement.
 12241 | Lair:3   | 12241 ||| ACQUIRING +2 buckler of Ipna Bug {rF+ SInv}
 12241 | Lair:3   | Acquired the +2 buckler of Ipna Bug {rF+ SInv}
 12243 | Lair:3   | 12243 ||| UPGRADING to +2 buckler of Ipna Bug {rF+ SInv}.
 12253 | Lair:3   | 12253 ||| DROPPING +0 buckler.
 12260 | Lair:3   | 12260 ||| Stepping ~*~*~tactically~*~*~ (stealth).
 12263 | Lair:3   | 12263 ||| Stepping ~*~*~tactically~*~*~ (stealth).
 12267 | Lair:3   | 12267 ||| Stepping ~*~*~tactically~*~*~ (stealth).
 12270 | Lair:3   | 12270 ||| Stepping ~*~*~tactically~*~*~ (hiding).
 12274 | Lair:3   | 12274 ||| Stepping ~*~*~tactically~*~*~ (hiding).
 12275 | Lair:3   | 12275 ||| Stepping ~*~*~tactically~*~*~ (hiding).
 12276 | Lair:3   | 12276 ||| INVOKING Heroism.
 12336 | Lair:3   | 12336 ||| Stepping ~*~*~tactically~*~*~ (hiding).
 12377 | Lair:3   | 12377 ||| Stepping ~*~*~tactically~*~*~ (stealth).
 12422 | Lair:3   | 12422 ||| INVOKING Heroism.
 12474 | Lair:3   | Reached skill level 12 in Axes
 12549 | Lair:3   | 12549 ||| INVOKING Heroism.
 12661 | Lair:3   | Found a hole to the Spider Nest.
 12671 | Lair:3   | Noticed a five-headed hydra
 12672 | Lair:3   | 12672 ||| INVOKING Heroism.
 12680 | Lair:3   | Killed a one-headed hydra
 12681 | Lair:3   | Reached skill level 6 in Shields
 12758 | Lair:3   | Noticed Kirke
 12759 | Lair:3   | 12759 ||| INVOKING Heroism.
 12760 | Lair:3   | 12760 ||| Stepping ~*~*~tactically~*~*~ (stealth).
 12761 | Lair:3   | 12761 ||| Stepping ~*~*~tactically~*~*~ (stealth).
 12762 | Lair:3   | 12762 ||| Stepping ~*~*~tactically~*~*~ (stealth).
 12763 | Lair:3   | 12763 ||| Stepping ~*~*~tactically~*~*~ (hiding).
 12764 | Lair:3   | 12764 ||| Stepping ~*~*~tactically~*~*~ (hiding).
 12772 | Lair:3   | Killed Kirke
 12796 | Lair:3   | Received a gift from Okawaru
 12799 | Lair:3   | 12799 ||| Stepping ~*~*~tactically~*~*~ (stealth).
 12800 | Lair:3   | 12800 ||| INVOKING Heroism.
 12930 | Lair:3   | 12930 ||| SWAPPING to +2 broad axe of venom.
 13097 | Lair:3   | Found a shimmering altar of Xom.
 13164 | Lair:3   | 13164 ||| INVOKING Heroism.
 13582 | Lair:4   | 13582 ||| Stepping ~*~*~tactically~*~*~ (stealth).
 13635 | Lair:3   | 13635 ||| INVOKING Heroism.
 13638 | Lair:3   | Noticed a catoblepas
 13639 | Lair:3   | 13639 ||| INVOKING Finesse.
 13657 | Lair:3   | Killed a catoblepas
 13972 | Lair:4   | 13972 ||| INVOKING Heroism.
 13997 | Lair:4   | 13997 ||| INVOKING Heroism.
 14164 | Lair:4   | 14164 ||| Stepping ~*~*~tactically~*~*~ (hiding).
 14170 | Lair:4   | 14170 ||| INVOKING Heroism.
 14185 | Lair:4   | Reached XP level 13. HP: 49/82 MP: 18/20
 14349 | Lair:4   | 14349 ||| READING 3 scrolls of enchant weapon.
 14349 | Lair:4   | 14349 ||| ENCHANTING +2 broad axe of venom.
 14350 | Lair:4   | 14350 ||| READING 2 scrolls of enchant weapon.
 14350 | Lair:4   | 14350 ||| ENCHANTING +3 broad axe of venom.
 14351 | Lair:4   | 14351 ||| READING scroll of enchant weapon.
 14351 | Lair:4   | 14351 ||| ENCHANTING +4 broad axe of venom.
 14780 | Lair:4   | 14780 ||| DROPPING +2 cloak.
 14791 | Lair:5   | Entered Level 5 of the Lair of Beasts
 14792 | Lair:5   | 14792 ||| INVOKING Heroism.
 14849 | Lair:5   | 14849 ||| INVOKING Heroism.
 14890 | Lair:5   | 14890 ||| INVOKING Heroism.
 14917 | Lair:5   | Found a viscous altar of Jiyva.
 14917 | Lair:5   | Found a staircase to the Slime Pits.
 15070 | Lair:5   | 15070 ||| INVOKING Heroism.
 15154 | Lair:5   | 15154 ||| Stepping ~*~*~tactically~*~*~ (hiding).
 15157 | Lair:5   | 15157 ||| INVOKING Heroism.
 15158 | Lair:5   | 15158 ||| INVOKING Finesse.
 15214 | Lair:5   | 15214 ||| INVOKING Finesse.
 15215 | Lair:5   | 15215 ||| Stepping ~*~*~tactically~*~*~ (stealth).
 15216 | Lair:5   | 15216 ||| Stepping ~*~*~tactically~*~*~ (stealth).
 15217 | Lair:5   | 15217 ||| INVOKING Heroism.
 15222 | Lair:5   | 15222 ||| Stepping ~*~*~tactically~*~*~ (stealth).
 15477 | Lair:5   | 15477 ||| INVOKING Heroism.
 15478 | Lair:5   | 15478 ||| INVOKING Finesse.
 15543 | Lair:5   | 15543 ||| INVOKING Heroism.
 15550 | Lair:5   | 15550 ||| INVOKING Finesse.
 15601 | Lair:5   | 15601 ||| INVOKING Heroism.
 15602 | Lair:5   | 15602 ||| INVOKING Finesse.
 15772 | Lair:5   | 15772 ||| FLEEEEING.
 15773 | Lair:5   | 15773 ||| FLEEEEING.
 15774 | Lair:5   | 15774 ||| FLEEEEING.
 15775 | Lair:5   | 15775 ||| FLEEEEING.
 15776 | Lair:5   | 15776 ||| FLEEEEING.
 15777 | Lair:5   | 15777 ||| FLEEEEING.
 15778 | Lair:5   | 15778 ||| FLEEEEING.
 15779 | Lair:5   | 15779 ||| INVOKING Heroism.
 15780 | Lair:5   | 15780 ||| INVOKING Finesse.
 15802 | Lair:5   | Received a gift from Okawaru
 15811 | Lair:5   | 15811 ||| Stepping ~*~*~tactically~*~*~ (stealth).
 15817 | Lair:5   | 15817 ||| Stepping ~*~*~tactically~*~*~ (stealth).
 15818 | Lair:5   | 15818 ||| Stepping ~*~*~tactically~*~*~ (stealth).
 15828 | Lair:5   | Gained mutation: Your large and strong wings let you fly.
                  | [Gargoyle growth]
 15828 | Lair:5   | Reached XP level 14. HP: 52/90 MP: 16/21
 16220 | Lair:5   | Identified the +0 helmet of Liat {Str+9}
 16276 | Lair:5   | 16276 ||| PLANNING D:1-11
 16276 | Lair:5   | 16276 ||| UPGRADING to +1 crystal plate armour.
 16286 | Lair:5   | 16286 ||| DROPPING +0 plate armour.
 16287 | Lair:5   | 16287 ||| UPGRADING to +0 helmet of Liat {Str+9}.
 16297 | Lair:5   | 16297 ||| DROPPING +1 helmet.
 16431 | D:10     | 16431 ||| FLEEEEING.
 16432 | D:10     | 16432 ||| FLEEEEING.
 16433 | D:10     | 16433 ||| FLEEEEING.
 16434 | D:10     | 16434 ||| FLEEEEING.
 16435 | D:10     | 16435 ||| FLEEEEING.
 16436 | D:10     | 16436 ||| FLEEEEING.
 16591 | D:10     | 16591 ||| Stepping ~*~*~tactically~*~*~ (stealth).
 16593 | D:10     | 16593 ||| Stepping ~*~*~tactically~*~*~ (stealth).
 16594 | D:10     | 16594 ||| Stepping ~*~*~tactically~*~*~ (stealth).
 16595 | D:10     | 16595 ||| Stepping ~*~*~tactically~*~*~ (hiding).
 16596 | D:10     | 16596 ||| Stepping ~*~*~tactically~*~*~ (hiding).
 16612 | D:10     | 16612 ||| Stepping ~*~*~tactically~*~*~ (stealth).
 16625 | D:10     | 16625 ||| Stepping ~*~*~tactically~*~*~ (stealth).
 16645 | D:10     | 16645 ||| READING 2 scrolls of enchant armour.
 16645 | D:10     | 16645 ||| ENCHANTING +1 crystal plate armour.
 16646 | D:10     | 16646 ||| READING scroll of enchant armour.
 16646 | D:10     | 16646 ||| ENCHANTING +2 crystal plate armour.
 16661 | D:10     | 16661 ||| INVOKING Heroism.
 16996 | D:11     | Found a staircase to the Orcish Mines.
 16997 | D:11     | 16997 ||| Stepping ~*~*~tactically~*~*~ (hiding).
 16998 | D:11     | 16998 ||| INVOKING Heroism.
 16999 | D:11     | 16999 ||| Stepping ~*~*~tactically~*~*~ (hiding).
 17000 | D:11     | 17000 ||| Stepping ~*~*~tactically~*~*~ (hiding).
 17017 | D:11     | 17017 ||| Stepping ~*~*~tactically~*~*~ (stealth).
 17022 | D:11     | 17022 ||| Stepping ~*~*~tactically~*~*~ (stealth).
 17062 | D:11     | 17062 ||| Stepping ~*~*~tactically~*~*~ (stealth).
 17063 | D:11     | 17063 ||| Stepping ~*~*~tactically~*~*~ (stealth).
 17067 | D:11     | 17067 ||| Stepping ~*~*~tactically~*~*~ (stealth).
 17082 | D:11     | 17082 ||| Stepping ~*~*~tactically~*~*~ (stealth).
 17087 | D:11     | 17087 ||| Stepping ~*~*~tactically~*~*~ (stealth).
 17100 | D:11     | 17100 ||| Stepping ~*~*~tactically~*~*~ (stealth).
 17185 | D:11     | 17185 ||| Stepping ~*~*~tactically~*~*~ (hiding).
 17186 | D:11     | 17186 ||| Stepping ~*~*~tactically~*~*~ (hiding).
 17197 | D:11     | Reached skill level 12 in Armour
 17618 | D:11     | 17618 ||| PLANNING D
 17618 | D:11     | 17618 ||| DROPPING +2 cloak.
 17638 | D:12     | 17638 ||| Stepping ~*~*~tactically~*~*~ (hiding).
 17735 | D:12     | 17735 ||| DRINKING potion of cancellation.
 17744 | D:12     | 17744 ||| INVOKING Heroism.
 17913 | D:12     | 17913 ||| INVOKING Heroism.
 18310 | D:12     | 18310 ||| DROPPING scarf of harm.
 18319 | D:13     | 18319 ||| PLANNING GAUNTLET
 18322 | D:13     | 18322 ||| INVOKING Heroism.
 18359 | D:13     | Found a gate leading to a gauntlet.
 18370 | Gauntlet | Entered a Gauntlet
 18370 | Gauntlet | Found a transporter.
 18370 | Gauntlet | Found a transporter.
 18371 | Gauntlet | Found a transporter.
 18374 | Gauntlet | Found a transporter.
 18376 | Gauntlet | Found a transporter.
 18384 | Gauntlet | Found a transporter.
 18388 | Gauntlet | Found a transporter.
 18398 | Gauntlet | Found a transporter.
 18398 | Gauntlet | Noticed a dire elephant
 18490 | Gauntlet | Found a transporter.
 18504 | Gauntlet | Found a transporter.
 18506 | Gauntlet | Found a transporter.
 18514 | Gauntlet | Found a transporter.
 18580 | Gauntlet | 18580 ||| INVOKING Heroism.
 18618 | Gauntlet | 18618 ||| Stepping ~*~*~tactically~*~*~ (hiding).
 18662 | Gauntlet | 18662 ||| DROPPING +0 pair of boots of rampaging.
 18668 | Gauntlet | 18668 ||| Stepping randomly (stuck).
 18669 | Gauntlet | 18669 ||| INVOKING Heroism.
 18677 | Gauntlet | Killed a dire elephant
 18677 | Gauntlet | Identified the +4 cloak "Joixt" {Drain rF+ rN+ Regen+}
                  | (Okawaru gifted it to you in a Gauntlet)
 18677 | Gauntlet | Received a gift from Okawaru
 18802 | Gauntlet | 18802 ||| UPGRADING to +4 cloak "Joixt" {Drain rF+ rN+
                  | Regen+}.
 18812 | Gauntlet | 18812 ||| DROPPING +2 cloak.
 18858 | Gauntlet | 18858 ||| INVOKING Heroism.
 18859 | Gauntlet | 18859 ||| INVOKING Finesse.
 18874 | Gauntlet | Reached skill level 15 in Axes
 18911 | Gauntlet | 18911 ||| READING scroll of enchant weapon.
 18911 | Gauntlet | 18911 ||| ENCHANTING +5 broad axe of venom.
 18980 | Gauntlet | 18980 ||| UPGRADING to amulet of reflection.
 18990 | Gauntlet | 18990 ||| DROPPING amulet of the acrobat.
 19031 | D:13     | 19031 ||| PLANNING D
 19129 | D:13     | 19129 ||| INVOKING Heroism.
 19172 | D:13     | 19172 ||| Stepping ~*~*~tactically~*~*~ (hiding).
 19175 | D:13     | 19175 ||| Stepping ~*~*~tactically~*~*~ (hiding).
 19271 | D:13     | 19271 ||| INVOKING Heroism.
 19361 | D:13     | 19361 ||| READING scroll of enchant weapon.
 19361 | D:13     | 19361 ||| ENCHANTING +6 broad axe of venom.
 19383 | D:13     | 19383 ||| Stepping ~*~*~tactically~*~*~ (hiding).
 19495 | D:13     | 19495 ||| INVOKING Heroism.
 19496 | D:13     | 19496 ||| INVOKING Finesse.
 19601 | D:13     | 19601 ||| Stepping ~*~*~tactically~*~*~ (hiding).
 19605 | D:13     | 19605 ||| Stepping ~*~*~tactically~*~*~ (hiding).
 19606 | D:13     | 19606 ||| Stepping ~*~*~tactically~*~*~ (hiding).
 19646 | D:13     | 19646 ||| Stepping ~*~*~tactically~*~*~ (stealth).
 19656 | D:13     | Reached skill level 6 in Throwing
 20013 | D:14     | Noticed Rupert
 20014 | D:14     | 20014 ||| INVOKING Heroism.
 20015 | D:14     | 20015 ||| INVOKING Finesse.
 20021 | D:14     | Found a snail-covered altar of Cheibriados.
 20038 | D:14     | Killed Rupert
 20080 | D:14     | 20080 ||| READING scroll of enchant weapon.
 20080 | D:14     | 20080 ||| ENCHANTING +7 broad axe of venom.
 20138 | D:14     | Found a transporter.
 20141 | D:14     | Noticed Imiczer's ghost (journeyman FoFi)
 20141 | D:14     | Noticed a frost giant
 20142 | D:14     | 20142 ||| INVOKING Heroism.
 20143 | D:14     | 20143 ||| INVOKING Finesse.
 20145 | D:14     | 20145 ||| SWAPPING to +4 war axe of flaming.
 20149 | D:14     | 20149 ||| SWAPPING to +8 broad axe of venom.
 20187 | D:14     | Found a transporter.
 20345 | D:14     | 20345 ||| INVOKING Heroism.
 20346 | D:14     | 20346 ||| INVOKING Finesse.
 20349 | D:14     | 20349 ||| SWAPPING to +4 war axe of flaming.
 20357 | D:14     | 20357 ||| SWAPPING to +8 broad axe of venom.
 20477 | D:14     | 20477 ||| INVOKING Heroism.
 20483 | D:14     | Reached XP level 15. HP: 95/95 MP: 19/22
 20533 | D:14     | 20533 ||| INVOKING Heroism.
 20540 | D:14     | Reached skill level 12 in Fighting
 20549 | D:14     | Found a gate to the Vaults.
 20560 | D:14     | 20560 ||| INVOKING Heroism.
 20562 | D:14     | Received a gift from Okawaru
 20589 | D:14     | 20589 ||| READING scroll of enchant armour.
 20589 | D:14     | 20589 ||| ENCHANTING +3 crystal plate armour.
 20650 | D:14     | 20650 ||| INVOKING Heroism.
 20693 | D:14     | 20693 ||| Stepping ~*~*~tactically~*~*~ (stealth).
 20695 | D:14     | 20695 ||| Stepping ~*~*~tactically~*~*~ (stealth).
 20701 | D:14     | 20701 ||| INVOKING Heroism.
 20766 | D:14     | Found a frozen archway.
 20767 | D:14     | 20767 ||| INVOKING Heroism.
 20768 | D:14     | 20768 ||| INVOKING Finesse.
 20769 | D:14     | 20769 ||| READING 2 scrolls labelled DOTSOTS DOZUS.
 20770 | D:14     | 20770 ||| READING 2 scrolls labelled ZUPABL APYRY.
 20904 | D:14     | 20904 ||| DROPPING scroll of immolation.
 20905 | D:14     | 20905 ||| DROPPING scroll of fear.
 20956 | D:15     | Entered Level 15 of the Dungeon
 21296 | D:15     | 21296 ||| Stepping ~*~*~tactically~*~*~ (stealth).
 21298 | D:15     | 21298 ||| Stepping ~*~*~tactically~*~*~ (stealth).
 21315 | D:15     | 21315 ||| Stepping ~*~*~tactically~*~*~ (stealth).
 21492 | D:15     | 21492 ||| Stepping ~*~*~tactically~*~*~ (hiding).
 21494 | D:15     | 21494 ||| INVOKING Heroism.
 21495 | D:15     | 21495 ||| Stepping ~*~*~tactically~*~*~ (hiding).
 21529 | D:15     | 21529 ||| Stepping ~*~*~tactically~*~*~ (stealth).
 21531 | D:15     | 21531 ||| Stepping ~*~*~tactically~*~*~ (stealth).
 21538 | D:15     | Received a gift from Okawaru
 21550 | D:15     | Paralysed by a great orb of eyes for 5 turns
 21556 | D:15     | 21556 ||| INVOKING Heroism.
 21598 | D:15     | Found a staircase to the Depths.
 21604 | D:15     | 21604 ||| PLANNING ORC
 21729 | Orc:1    | Entered Level 1 of the Orcish Mines
 21732 | Orc:1    | 21732 ||| INVOKING Heroism.
 21806 | Orc:1    | 21806 ||| INVOKING Heroism.
 21872 | Orc:1    | 21872 ||| Stepping ~*~*~tactically~*~*~ (stealth).
 21875 | Orc:1    | 21875 ||| Stepping ~*~*~tactically~*~*~ (stealth).
 21904 | Orc:1    | 21904 ||| INVOKING Heroism.
 21933 | Orc:1    | 21933 ||| INVOKING Heroism.
 21938 | Orc:1    | 21938 ||| Stepping ~*~*~tactically~*~*~ (hiding).
 21946 | Orc:1    | Reached skill level 15 in Armour
 22187 | Orc:2    | Entered Level 2 of the Orcish Mines
 22187 | Orc:2    | Found Pooth's Book Shop.
 22188 | Orc:2    | 22188 ||| INVOKING Heroism.
 22189 | Orc:2    | 22189 ||| INVOKING Finesse.
 22192 | Orc:2    | Reached skill level 3 in Dodging
 22197 | Orc:2    | 22197 ||| STAIRDANCE
 22259 | Orc:2    | 22259 ||| Stepping ~*~*~tactically~*~*~ (stealth).
 22267 | Orc:2    | 22267 ||| INVOKING Heroism.
 22268 | Orc:2    | 22268 ||| INVOKING Finesse.
 22426 | Orc:2    | 22426 ||| Stepping ~*~*~tactically~*~*~ (stealth).
 22430 | Orc:2    | 22430 ||| Stepping ~*~*~tactically~*~*~ (hiding).
 22441 | Orc:2    | 22441 ||| INVOKING Heroism.
 22445 | Orc:2    | 22445 ||| INVOKING Finesse.
 22450 | Orc:2    | Received a gift from Okawaru
 22452 | Orc:2    | Found Ofitewka's General Store.
 22560 | Orc:2    | Found Xatwisos's Antique Weapon Shop.
 22572 | Orc:2    | Found a staircase to the Elven Halls.
 22724 | Orc:2    | Found Locipnun's Antique Armour Shop.
 22835 | Orc:2    | 22835 ||| PLANNING SPIDER:1-3
 22999 | Spider:1 | Entered Level 1 of the Spider Nest
 23033 | Spider:1 | Identified the +7 executioner's axe "Maefih" {vorpal, rElec
                  | Will- Str+4 Dex+2} (Okawaru gifted it to you on level 1 of
                  | the Spider Nest)
 23033 | Spider:1 | Received a gift from Okawaru
 23084 | Spider:1 | 23084 ||| Stepping ~*~*~tactically~*~*~ (hiding).
 23085 | Spider:1 | 23085 ||| Stepping ~*~*~tactically~*~*~ (hiding).
 23086 | Spider:1 | 23086 ||| INVOKING Finesse.
 23087 | Spider:1 | 23087 ||| Stepping ~*~*~tactically~*~*~ (stealth).
 23094 | Spider:1 | Reached XP level 16. HP: 101/101 MP: 18/23
 23144 | Spider:1 | 23144 ||| Stepping ~*~*~tactically~*~*~ (stealth).
 23146 | Spider:1 | 23146 ||| Stepping ~*~*~tactically~*~*~ (stealth).
 23219 | Spider:1 | 23219 ||| Stepping ~*~*~tactically~*~*~ (hiding).
 23220 | Spider:1 | 23220 ||| Stepping ~*~*~tactically~*~*~ (hiding).
 23302 | Spider:1 | 23302 ||| Stepping ~*~*~tactically~*~*~ (stealth).
 23305 | Spider:1 | 23305 ||| Stepping ~*~*~tactically~*~*~ (hiding).
 23307 | Spider:1 | 23307 ||| INVOKING Heroism.
 23390 | Spider:1 | 23390 ||| Stepping ~*~*~tactically~*~*~ (stealth).
 23393 | Spider:1 | 23393 ||| INVOKING Heroism.
 23555 | Spider:1 | 23555 ||| DRINKING 5 potions of curing.
 23555 | Spider:1 | 23555 ||| (to cure confusion)
 23616 | Spider:1 | Noticed Gohat's ghost (journeyman HOBe)
 23617 | Spider:1 | Found a runed translucent door.
 23791 | Spider:2 | 23791 ||| Stepping ~*~*~tactically~*~*~ (stealth).
 23797 | Spider:2 | 23797 ||| Stepping ~*~*~tactically~*~*~ (stealth).
 23801 | Spider:2 | 23801 ||| INVOKING Finesse.
 23813 | Spider:2 | Received a gift from Okawaru
 24189 | Spider:2 | 24189 ||| Stepping ~*~*~tactically~*~*~ (stealth).
 24191 | Spider:2 | 24191 ||| INVOKING Heroism.
 24192 | Spider:2 | 24192 ||| Stepping ~*~*~tactically~*~*~ (stealth).
 24235 | Spider:2 | 24235 ||| INVOKING Finesse.
 24276 | Spider:2 | 24276 ||| INVOKING Heroism.
 24315 | Spider:2 | 24315 ||| INVOKING Heroism.
 24320 | Spider:2 | 24320 ||| INVOKING Finesse.
 24410 | Spider:2 | Received a gift from Okawaru
 24415 | Spider:2 | 24415 ||| FLEEEEING.
 24417 | Spider:2 | 24417 ||| FLEEEEING.
 24418 | Spider:2 | 24418 ||| FLEEEEING.
 24455 | Spider:2 | 24455 ||| INVOKING Finesse.
 24474 | Spider:2 | 24474 ||| UPGRADING to ring of resist corrosion.
 24475 | Spider:2 | 24475 ||| Stepping randomly (stuck).
 24579 | Spider:2 | 24579 ||| INVOKING Heroism.
 24580 | Spider:2 | 24580 ||| DRINKING 4 potions of curing.
 24580 | Spider:2 | 24580 ||| (to cure confusion)
 25272 | Spider:3 | Noticed Mlioglotl
 25273 | Spider:3 | 25273 ||| STAIRDANCE
 25275 | Spider:2 | 25275 ||| INVOKING Heroism.
 25276 | Spider:2 | 25276 ||| INVOKING Finesse.
 25285 | Spider:2 | Killed Mlioglotl
 25322 | Spider:3 | 25322 ||| INVOKING Heroism.
 25389 | Spider:3 | Noticed Arachne
 25390 | Spider:3 | 25390 ||| INVOKING Heroism.
 25391 | Spider:3 | 25391 ||| INVOKING Finesse.
 25402 | Spider:3 | Killed Arachne
 25437 | Spider:3 | 25437 ||| INVOKING Heroism.
 25450 | Spider:3 | Received a gift from Okawaru
 25499 | Spider:3 | 25499 ||| Stepping ~*~*~tactically~*~*~ (hiding).
 25503 | Spider:3 | 25503 ||| INVOKING Finesse.
 25567 | Spider:3 | 25567 ||| INVOKING Heroism.
 25575 | Spider:3 | 25575 ||| INVOKING Finesse.
 25591 | Spider:3 | Received a gift from Okawaru
 25592 | Spider:3 | Reached skill level 18 in Axes
 25594 | Spider:3 | 25594 ||| Stepping ~*~*~tactically~*~*~ (stealth).
 25607 | Spider:3 | 25607 ||| Stepping ~*~*~tactically~*~*~ (stealth).
 25610 | Spider:3 | 25610 ||| Stepping ~*~*~tactically~*~*~ (stealth).
 25730 | Spider:3 | 25730 ||| INVOKING Heroism.
 25735 | Spider:3 | Reached XP level 17. HP: 108/108 MP: 21/24
 25799 | Spider:3 | 25799 ||| Stepping ~*~*~tactically~*~*~ (stealth).
 25858 | Spider:3 | 25858 ||| Stepping ~*~*~tactically~*~*~ (stealth).
 25989 | Spider:3 | 25989 ||| SWAPPING to +5 broad axe of electrocution.
 25990 | Spider:3 | 25990 ||| DROPPING +8 broad axe of venom.
 26148 | Spider:3 | Reached skill level 9 in Shields
 26410 | Spider:3 | 26410 ||| PLANNING SWAMP:1-3
 26410 | Spider:3 | 26410 ||| DROPPING +2 buckler of cold resistance.
 26411 | Spider:3 | 26411 ||| UPGRADING to +0 kite shield.
 26421 | Spider:3 | 26421 ||| DRINKING 2 purple potions.
 26527 | Swamp:1  | Entered Level 1 of the Swamp
 26608 | Swamp:1  | 26608 ||| Stepping ~*~*~tactically~*~*~ (hiding).
 26610 | Swamp:1  | 26610 ||| INVOKING Heroism.
 26622 | Swamp:1  | You are sucked into a shaft and drop 1 floor!
 26676 | Swamp:2  | 26676 ||| INVOKING Heroism.
 26678 | Swamp:2  | Paralysed by a fenstrider witch for 2 turns
 26768 | Swamp:2  | 26768 ||| Stepping ~*~*~tactically~*~*~ (hiding).
 26769 | Swamp:2  | 26769 ||| Stepping ~*~*~tactically~*~*~ (hiding).
 26905 | Swamp:1  | 26905 ||| Stepping ~*~*~tactically~*~*~ (hiding).
 26906 | Swamp:1  | 26906 ||| INVOKING Heroism.
 27139 | Swamp:1  | Received a gift from Okawaru
 27324 | Swamp:1  | 27324 ||| DROPPING +0 pair of boots of flying.
 27361 | Swamp:2  | 27361 ||| READING scroll of enchant weapon.
 27361 | Swamp:2  | 27361 ||| ENCHANTING +5 broad axe of electrocution.
 27398 | Swamp:2  | 27398 ||| INVOKING Heroism.
 27416 | Swamp:2  | 27416 ||| SWAPPING to +4 war axe of flaming.
 27419 | Swamp:2  | 27419 ||| SWAPPING to +6 broad axe of electrocution.
 27420 | Swamp:2  | 27420 ||| SWAPPING to +4 war axe of flaming.
 27424 | Swamp:2  | 27424 ||| SWAPPING to +6 broad axe of electrocution.
 27457 | Swamp:2  | 27457 ||| READING 3 scrolls of enchant weapon.
 27457 | Swamp:2  | 27457 ||| ENCHANTING +6 broad axe of electrocution.
 27458 | Swamp:2  | 27458 ||| READING 2 scrolls of enchant weapon.
 27458 | Swamp:2  | 27458 ||| ENCHANTING +7 broad axe of electrocution.
 27459 | Swamp:2  | 27459 ||| READING scroll of enchant weapon.
 27459 | Swamp:2  | 27459 ||| ENCHANTING +8 broad axe of electrocution.
 27565 | Swamp:2  | Noticed Frances
 27566 | Swamp:2  | 27566 ||| INVOKING Heroism.
 27567 | Swamp:2  | 27567 ||| INVOKING Finesse.
 27579 | Swamp:2  | Killed Frances
 27704 | Swamp:3  | 27704 ||| INVOKING Heroism.
 27705 | Swamp:3  | 27705 ||| STAIRDANCE
 27768 | Swamp:3  | 27768 ||| INVOKING Heroism.
 27771 | Swamp:3  | 27771 ||| SWAPPING to +4 war axe of flaming.
 27775 | Swamp:3  | Reached skill level 12 in Shields
 27775 | Swamp:3  | 27775 ||| SWAPPING to +9 broad axe of electrocution.
 27786 | Swamp:3  | 27786 ||| Stepping ~*~*~tactically~*~*~ (hiding).
 27803 | Swamp:3  | 27803 ||| Stepping ~*~*~tactically~*~*~ (stealth).
 27805 | Swamp:3  | 27805 ||| Stepping ~*~*~tactically~*~*~ (stealth).
 27808 | Swamp:3  | 27808 ||| SWAPPING to +4 war axe of flaming.
 27816 | Swamp:3  | 27816 ||| SWAPPING to +9 broad axe of electrocution.
 27846 | Swamp:3  | 27846 ||| INVOKING Heroism.
 27847 | Swamp:3  | Found a runed translucent door.
 27950 | Swamp:3  | 27950 ||| Stepping ~*~*~tactically~*~*~ (stealth).
 27951 | Swamp:3  | 27951 ||| Stepping ~*~*~tactically~*~*~ (stealth).
 27956 | Swamp:3  | 27956 ||| INVOKING Heroism.
 28007 | Swamp:3  | 28007 ||| Stepping ~*~*~tactically~*~*~ (hiding).
 28023 | Swamp:3  | 28023 ||| Stepping ~*~*~tactically~*~*~ (cloud).
 28280 | Swamp:3  | 28280 ||| PLANNING SPIDER:4
 28425 | Spider:4 | Entered Level 4 of the Spider Nest
 28426 | Spider:4 | 28426 ||| INVOKING Heroism.
 28427 | Spider:4 | 28427 ||| INVOKING Finesse.
 28458 | Spider:4 | 28458 ||| STAIRDANCE
 28523 | Spider:4 | 28523 ||| INVOKING Finesse.
 28524 | Spider:4 | 28524 ||| INVOKING Finesse.
 28604 | Spider:4 | 28604 ||| Stepping ~*~*~tactically~*~*~ (stealth).
 28622 | Spider:4 | 28622 ||| INVOKING Heroism.
 28657 | Spider:4 | 28657 ||| INVOKING Heroism.
 28740 | Spider:4 | 28740 ||| INVOKING Heroism.
 28859 | Spider:4 | 28859 ||| INVOKING Heroism.
 28875 | Spider:4 | Received a gift from Okawaru
 29033 | Spider:4 | Identified the +6 whip of the Mind {freeze, Dex+3 Stlth+}
 29041 | Spider:4 | 29041 ||| INVOKING Heroism.
 29187 | Spider:4 | 29187 ||| INVOKING Heroism.
 29196 | Spider:4 | Received a gift from Okawaru
 29341 | Spider:4 | 29341 ||| INVOKING Heroism.
 29350 | Spider:4 | Reached XP level 18. HP: 116/116 MP: 23/25
 29361 | Spider:4 | 29361 ||| DROPPING +4 war axe of flaming.
 29431 | Spider:4 | 29431 ||| INVOKING Heroism.
 29464 | Spider:4 | 29464 ||| INVOKING Heroism.
 29595 | Spider:4 | Identified the +2 hat of the Forsaken Realms {rElec Stlth+}
 29610 | Spider:4 | Got a gossamer rune of Zot
 29637 | Spider:4 | 29637 ||| Stepping ~*~*~tactically~*~*~ (stealth).
 29701 | Spider:4 | 29701 ||| PLANNING VAULTS:1-4
 29701 | Spider:4 | 29701 ||| DROPPING +2 hat of the Forsaken Realms {rElec
                  | Stlth+}.
 29702 | Spider:4 | 29702 ||| UPGRADING to ring of protection from cold.
 29952 | Vaults:1 | Entered Level 1 of the Vaults
 29968 | Vaults:1 | 29968 ||| INVOKING Heroism.
 29999 | Vaults:1 | Noticed Aizul
 30000 | Vaults:1 | 30000 ||| Stepping ~*~*~tactically~*~*~ (hiding).
 30003 | Vaults:1 | 30003 ||| INVOKING Finesse.
 30009 | Vaults:1 | Killed Aizul
 30049 | Vaults:1 | 30049 ||| DRINKING 4 potions of curing.
 30049 | Vaults:1 | 30049 ||| (to cure confusion)
 30339 | Vaults:1 | 30339 ||| Stepping ~*~*~tactically~*~*~ (stealth).
 30350 | Vaults:1 | 30350 ||| INVOKING Heroism.
 30410 | Vaults:1 | 30410 ||| INVOKING Heroism.
 30459 | Vaults:1 | 30459 ||| Stepping ~*~*~tactically~*~*~ (hiding).
 30482 | Vaults:1 | 30482 ||| INVOKING Heroism.
 30552 | Vaults:1 | 30552 ||| Stepping randomly (stuck).
 30553 | Vaults:1 | 30553 ||| Stepping randomly (stuck).
 30554 | Vaults:1 | 30554 ||| Stepping randomly (stuck).
 30555 | Vaults:1 | 30555 ||| Stepping randomly (stuck).
 30556 | Vaults:1 | 30556 ||| Stepping randomly (stuck).
 30608 | Vaults:1 | 30608 ||| INVOKING Heroism.
 30614 | Vaults:1 | Received a gift from Okawaru
 30618 | Vaults:1 | Reached skill level 18 in Armour
 30756 | Vaults:1 | 30756 ||| Stepping ~*~*~tactically~*~*~ (stealth).
 30758 | Vaults:1 | 30758 ||| Stepping ~*~*~tactically~*~*~ (stealth).
 30760 | Vaults:1 | 30760 ||| Stepping ~*~*~tactically~*~*~ (hiding).
 30777 | Vaults:1 | 30777 ||| Stepping ~*~*~tactically~*~*~ (hiding).
 30778 | Vaults:1 | Reached ****** piety under Okawaru
 30778 | Vaults:1 | Identified the +5 plate armour of Foloxt {Slay+3} (Okawaru
                  | gifted it to you on level 1 of the Vaults)
 30778 | Vaults:1 | Received a gift from Okawaru
 30782 | Vaults:1 | 30782 ||| Stepping ~*~*~tactically~*~*~ (hiding).
 30786 | Vaults:1 | 30786 ||| Stepping ~*~*~tactically~*~*~ (hiding).
 30789 | Vaults:1 | 30789 ||| INVOKING Heroism.
 30800 | Vaults:1 | Reached skill level 15 in Fighting
 30832 | Vaults:1 | 30832 ||| Stepping ~*~*~tactically~*~*~ (hiding).
 30838 | Vaults:1 | 30838 ||| INVOKING Heroism.
 30987 | Vaults:1 | 30987 ||| INVOKING Heroism.
 31005 | Vaults:1 | Reached skill level 15 in Shields
 31039 | Vaults:1 | 31039 ||| Stepping ~*~*~tactically~*~*~ (stealth).
 31326 | Vaults:1 | 31326 ||| Stepping ~*~*~tactically~*~*~ (hiding).
 31327 | Vaults:1 | 31327 ||| Stepping ~*~*~tactically~*~*~ (hiding).
 31335 | Vaults:1 | 31335 ||| INVOKING Heroism.
 31361 | Vaults:1 | Noticed Asterion
 31362 | Vaults:1 | 31362 ||| INVOKING Finesse.
 31374 | Vaults:1 | Killed Asterion
 31403 | Vaults:1 | 31403 ||| READING scroll of enchant armour.
 31403 | Vaults:1 | 31403 ||| ENCHANTING +4 crystal plate armour.
 31409 | Vaults:1 | 31409 ||| INVOKING Heroism.
 31410 | Vaults:1 | 31410 ||| INVOKING Finesse.
 31428 | Vaults:1 | Reached XP level 19. HP: 107/125 MP: 19/26
 31487 | Vaults:1 | Found Joyxisiu's Weapon Emporium.
 31577 | Vaults:1 | 31577 ||| DROPPING +2 buckler of Ipna Bug {rF+ SInv}.
 31578 | Vaults:1 | 31578 ||| UPGRADING to +2 kite shield.
 31588 | Vaults:1 | 31588 ||| DROPPING +0 kite shield.
 31589 | Vaults:1 | 31589 ||| UPGRADING to +2 kite shield of fire resistance.
 31599 | Vaults:1 | 31599 ||| DROPPING +2 kite shield.
 31600 | Vaults:1 | 31600 ||| UPGRADING to ring of protection from cold.
 31687 | Vaults:2 | 31687 ||| Stepping ~*~*~tactically~*~*~ (stealth).
 31688 | Vaults:2 | 31688 ||| Stepping ~*~*~tactically~*~*~ (stealth).
 31689 | Vaults:2 | 31689 ||| Stepping ~*~*~tactically~*~*~ (stealth).
 31690 | Vaults:2 | 31690 ||| Stepping ~*~*~tactically~*~*~ (stealth).
 31728 | Vaults:2 | Received a gift from Okawaru
 31766 | Vaults:2 | 31766 ||| Stepping ~*~*~tactically~*~*~ (hiding).
 31767 | Vaults:2 | 31767 ||| INVOKING Heroism.
 31768 | Vaults:2 | 31768 ||| INVOKING Finesse.
 31974 | Vaults:2 | 31974 ||| READING scroll of brand weapon.
 31974 | Vaults:2 | 31974 ||| BRANDING +9 broad axe of electrocution.
 31987 | Vaults:2 | 31987 ||| INVOKING Heroism.
 32126 | Vaults:2 | 32126 ||| INVOKING Heroism.
 32137 | Vaults:2 | Received a gift from Okawaru
 32169 | Vaults:2 | Found a staircase to the Crypt.
 32169 | Vaults:2 | Found a basalt altar of Yredelemnul.
 32169 | Vaults:2 | Found an ancient bone altar of Kikubaaqudgha.
 32304 | Vaults:2 | Paralysed by a great orb of eyes for 3 turns
 32308 | Vaults:2 | 32308 ||| DRINKING 3 potions of curing.
 32308 | Vaults:2 | 32308 ||| (to cure confusion)
 32420 | Vaults:2 | 32420 ||| INVOKING Heroism.
 32466 | Vaults:2 | 32466 ||| Stepping ~*~*~tactically~*~*~ (hiding).
 32689 | Vaults:2 | 32689 ||| FLEEEEING.
 32690 | Vaults:2 | 32690 ||| Stepping ~*~*~tactically~*~*~ (hiding).
 32698 | Vaults:2 | Received a gift from Okawaru
 32925 | Vaults:2 | 32925 ||| DROPPING +1 helmet.
 32926 | Vaults:2 | 32926 ||| UPGRADING to +4 ring of protection.
 33001 | Vaults:3 | Noticed Mennas
 33002 | Vaults:3 | 33002 ||| DRINKING 2 potions of curing.
 33002 | Vaults:3 | 33002 ||| (to cure confusion)
 33003 | Vaults:3 | 33003 ||| INVOKING Heroism.
 33004 | Vaults:3 | 33004 ||| INVOKING Finesse.
 33005 | Vaults:3 | 33005 ||| DRINKING potion of curing.
 33005 | Vaults:3 | 33005 ||| (to cure confusion)
 33052 | Vaults:3 | Killed Mennas
 33094 | Vaults:3 | 33094 ||| INVOKING Heroism.
 33175 | Vaults:3 | 33175 ||| INVOKING Heroism.
 33176 | Vaults:3 | 33176 ||| INVOKING Finesse.
 33264 | Vaults:3 | Reached skill level 9 in Throwing
 33264 | Vaults:3 | 33264 ||| Stepping ~*~*~tactically~*~*~ (hiding).
 33290 | Vaults:3 | 33290 ||| Stepping ~*~*~tactically~*~*~ (hiding).
 33303 | Vaults:3 | 33303 ||| Stepping ~*~*~tactically~*~*~ (stealth).
 33430 | Vaults:3 | 33430 ||| Stepping ~*~*~tactically~*~*~ (hiding).
 33431 | Vaults:3 | 33431 ||| Stepping ~*~*~tactically~*~*~ (hiding).
 33442 | Vaults:3 | 33442 ||| Stepping ~*~*~tactically~*~*~ (hiding).
 33446 | Vaults:3 | 33446 ||| INVOKING Heroism.
 33520 | Vaults:3 | 33520 ||| Stepping ~*~*~tactically~*~*~ (hiding).
 33538 | Vaults:3 | 33538 ||| READING scroll of enchant armour.
 33538 | Vaults:3 | 33538 ||| ENCHANTING +5 crystal plate armour.
 33643 | Vaults:3 | 33643 ||| INVOKING Heroism.
 33651 | Vaults:3 | Received a gift from Okawaru
 33774 | Vaults:3 | Found Zucsogab's Antique Armour Shoppe.
 33982 | Vaults:3 | 33982 ||| Stepping ~*~*~tactically~*~*~ (stealth).
 33984 | Vaults:3 | 33984 ||| INVOKING Heroism.
 34029 | Vaults:3 | 34029 ||| Stepping ~*~*~tactically~*~*~ (stealth).
 34250 | Vaults:3 | 34250 ||| INVOKING Heroism.
 34251 | Vaults:3 | 34251 ||| Stepping ~*~*~tactically~*~*~ (stealth).
 34263 | Vaults:3 | Reached XP level 20. HP: 134/134 MP: 27/27
 34271 | Vaults:3 | 34271 ||| UPGRADING to +0 tower shield.
 34281 | Vaults:3 | 34281 ||| DROPPING +2 kite shield of fire resistance.
 34408 | Vaults:4 | Received a gift from Okawaru
 34462 | Vaults:4 | 34462 ||| Stepping ~*~*~tactically~*~*~ (hiding).
 34464 | Vaults:4 | 34464 ||| INVOKING Heroism.
 34465 | Vaults:4 | 34465 ||| INVOKING Finesse.
 34493 | Vaults:4 | 34493 ||| Stepping ~*~*~tactically~*~*~ (hiding).
 34494 | Vaults:4 | 34494 ||| Stepping ~*~*~tactically~*~*~ (hiding).
 34499 | Vaults:4 | Received a gift from Okawaru
 34540 | Vaults:4 | Identified the +2 helmet "Guejuups" {rN++ Will-} (Okawaru
                  | gifted it to you on level 4 of the Vaults)
 34540 | Vaults:4 | Received a gift from Okawaru
 34788 | Vaults:4 | 34788 ||| Stepping ~*~*~tactically~*~*~ (hiding).
 34791 | Vaults:4 | Noticed Margery
 34792 | Vaults:4 | 34792 ||| DRINKING 3 potions of resistance.
 34793 | Vaults:4 | Paralysed by a sphinx for 2 turns
 34797 | Vaults:4 | 34797 ||| INVOKING Heroism.
 34825 | Vaults:4 | Killed Margery
 35018 | Vaults:4 | 35018 ||| Stepping ~*~*~tactically~*~*~ (stealth).
 35063 | Vaults:4 | Found Tepn's Book Emporium.
 35065 | Vaults:4 | 35065 ||| Stepping ~*~*~tactically~*~*~ (stealth).
 35067 | Vaults:4 | 35067 ||| Stepping ~*~*~tactically~*~*~ (hiding).
 35080 | Vaults:4 | 35080 ||| INVOKING Heroism.
 35145 | Vaults:4 | 35145 ||| Stepping ~*~*~tactically~*~*~ (stealth).
 35153 | Vaults:4 | 35153 ||| Stepping ~*~*~tactically~*~*~ (stealth).
 35155 | Vaults:4 | 35155 ||| Stepping ~*~*~tactically~*~*~ (hiding).
 35206 | Vaults:4 | 35206 ||| Stepping ~*~*~tactically~*~*~ (hiding).
 35225 | Vaults:4 | 35225 ||| Stepping ~*~*~tactically~*~*~ (stealth).
 35227 | Vaults:4 | 35227 ||| Stepping ~*~*~tactically~*~*~ (hiding).
 35230 | Vaults:4 | 35230 ||| INVOKING Heroism.
 35244 | Vaults:4 | 35244 ||| Stepping ~*~*~tactically~*~*~ (stealth).
 35252 | Vaults:4 | 35252 ||| Stepping ~*~*~tactically~*~*~ (stealth).
 35257 | Vaults:4 | Reached skill level 18 in Shields
 35278 | Vaults:4 | 35278 ||| INVOKING Heroism.
 35375 | Vaults:4 | 35375 ||| Stepping ~*~*~tactically~*~*~ (hiding).
 35383 | Vaults:4 | 35383 ||| INVOKING Heroism.
 35385 | Vaults:4 | 35385 ||| Stepping ~*~*~tactically~*~*~ (hiding).
 35389 | Vaults:4 | 35389 ||| Stepping ~*~*~tactically~*~*~ (hiding).
 35400 | Vaults:4 | 35400 ||| Stepping ~*~*~tactically~*~*~ (stealth).
 35401 | Vaults:4 | Noticed Saint Roka
 35402 | Vaults:4 | 35402 ||| Stepping ~*~*~tactically~*~*~ (hiding).
 35422 | Vaults:4 | Killed Saint Roka
 35440 | Vaults:4 | 35440 ||| INVOKING Heroism.
 35697 | Vaults:4 | 35697 ||| Stepping ~*~*~tactically~*~*~ (stealth).
 35699 | Vaults:4 | 35699 ||| Stepping ~*~*~tactically~*~*~ (stealth).
 35701 | Vaults:4 | 35701 ||| Stepping ~*~*~tactically~*~*~ (stealth).
 35773 | Vaults:4 | Noticed Boris
 35775 | Vaults:4 | 35775 ||| Stepping ~*~*~tactically~*~*~ (hiding).
 35781 | Vaults:4 | 35781 ||| INVOKING Heroism.
 35782 | Vaults:4 | 35782 ||| INVOKING Finesse.
 35797 | Vaults:4 | Killed Boris
 35865 | Vaults:4 | 35865 ||| PLANNING SWAMP:4
 35865 | Vaults:4 | 35865 ||| DROPPING +2 helmet "Guejuups" {rN++ Will-}.
 36214 | Swamp:4  | Entered Level 4 of the Swamp
 36229 | Swamp:4  | 36229 ||| Stepping ~*~*~tactically~*~*~ (hiding).
 36232 | Swamp:4  | 36232 ||| INVOKING Heroism.
 36239 | Swamp:4  | Paralysed by a fenstrider witch for 2 turns
 36254 | Swamp:4  | Noticed Mara
 36255 | Swamp:4  | 36255 ||| INVOKING Finesse.
 36258 | Swamp:4  | Identified the +5 hand axe "Metrypty" {freeze, Int+3}
                  | (Okawaru gifted it to you on level 4 of the Swamp)
 36258 | Swamp:4  | Received a gift from Okawaru
 36282 | Swamp:4  | Noticed qw's illusion
 36287 | Swamp:4  | 36287 ||| INVOKING Heroism.
 36293 | Swamp:4  | 36293 ||| INVOKING Finesse.
 36300 | Swamp:4  | Noticed qw's illusion
 36321 | Swamp:4  | Killed Mara
 36359 | Swamp:4  | 36359 ||| Stepping ~*~*~tactically~*~*~ (hiding).
 36368 | Swamp:4  | Reached XP level 21. HP: 132/139 MP: 28/28
 36420 | Swamp:4  | 36420 ||| Stepping ~*~*~tactically~*~*~ (stealth).
 36422 | Swamp:4  | 36422 ||| Stepping ~*~*~tactically~*~*~ (hiding).
 36428 | Swamp:4  | 36428 ||| INVOKING Heroism.
 36449 | Swamp:4  | 36449 ||| Stepping ~*~*~tactically~*~*~ (hiding).
 36513 | Swamp:4  | 36513 ||| Stepping ~*~*~tactically~*~*~ (hiding).
 36517 | Swamp:4  | 36517 ||| Stepping ~*~*~tactically~*~*~ (stealth).
 36549 | Swamp:4  | 36549 ||| Stepping ~*~*~tactically~*~*~ (stealth).
 36550 | Swamp:4  | 36550 ||| Stepping ~*~*~tactically~*~*~ (hiding).
 36566 | Swamp:4  | 36566 ||| Stepping ~*~*~tactically~*~*~ (stealth).
 36610 | Swamp:4  | 36610 ||| INVOKING Heroism.
 36623 | Swamp:4  | Received a gift from Okawaru
 36686 | Swamp:4  | 36686 ||| Stepping ~*~*~tactically~*~*~ (hiding).
 36688 | Swamp:4  | 36688 ||| Stepping ~*~*~tactically~*~*~ (hiding).
 36703 | Swamp:4  | 36703 ||| INVOKING Heroism.
 36720 | Swamp:4  | Got a decaying rune of Zot
 36766 | Swamp:4  | 36766 ||| Stepping ~*~*~tactically~*~*~ (hiding).
 36768 | Swamp:4  | 36768 ||| Stepping ~*~*~tactically~*~*~ (hiding).
 36797 | Swamp:4  | 36797 ||| INVOKING Heroism.
 37004 | Swamp:4  | Found a runed translucent door.
 37005 | Swamp:4  | Noticed qw's ghost (adept GrFi)
 37122 | Swamp:4  | 37122 ||| PLANNING DEPTHS
 37122 | Swamp:4  | 37122 ||| DROPPING +1 helmet of see invisible.
 37418 | Depths:1 | Entered Level 1 of the Depths
 37421 | Depths:1 | 37421 ||| Stepping ~*~*~tactically~*~*~ (hiding).
 37423 | Depths:1 | 37423 ||| Stepping ~*~*~tactically~*~*~ (hiding).
 37499 | Depths:1 | 37499 ||| Stepping ~*~*~tactically~*~*~ (hiding).
 37644 | Depths:1 | 37644 ||| INVOKING Heroism.
 37720 | Depths:1 | 37720 ||| INVOKING Heroism.
 37797 | Depths:1 | 37797 ||| INVOKING Heroism.
 37798 | Depths:1 | 37798 ||| DRINKING potion of curing.
 37798 | Depths:1 | 37798 ||| (to cure confusion)
 37799 | Depths:1 | 37799 ||| INVOKING Finesse.
 37800 | Depths:1 | Found a gateway to a bazaar.
 37801 | Depths:1 | 37801 ||| PLANNING BAZAAR
 37842 | Bazaar   | Entered a bazaar
 37921 | Bazaar   | Found Bimailin's Assorted Antiques.
 37927 | Bazaar   | 37927 ||| BUYING potion of lignification (42 gold).
 37927 | Bazaar   | Bought a potion of lignification for 42 gold pieces
 37927 | Bazaar   | 37927 ||| BUYING scroll of enchant armour (105 gold).
 37927 | Bazaar   | Bought a scroll of enchant armour for 105 gold pieces
 37927 | Bazaar   | 37927 ||| READING scroll of enchant armour.
 37927 | Bazaar   | 37927 ||| ENCHANTING +6 crystal plate armour.
 37944 | Bazaar   | Found Qarreanu's Antique Weapon Emporium.
 37965 | Bazaar   | Found Xyk Yvae's Assorted Antiques.
 37970 | Bazaar   | 37970 ||| BUYING potion of haste (280 gold).
 37970 | Bazaar   | Bought a potion of haste for 280 gold pieces
 37970 | Bazaar   | 37970 ||| BUYING potion of lignification (84 gold).
 37970 | Bazaar   | Bought a potion of lignification for 84 gold pieces
 37970 | Bazaar   | 37970 ||| BUYING potion of resistance (280 gold).
 37970 | Bazaar   | Bought a potion of resistance for 280 gold pieces
 37970 | Bazaar   | 37970 ||| BUYING scroll of enchant armour (210 gold).
 37970 | Bazaar   | Bought a scroll of enchant armour for 210 gold pieces
 37970 | Bazaar   | 37970 ||| BUYING scroll of teleportation (84 gold).
 37970 | Bazaar   | Bought a scroll of teleportation for 84 gold pieces
 37970 | Bazaar   | 37970 ||| READING scroll of enchant armour.
 37970 | Bazaar   | 37970 ||| ENCHANTING +7 crystal plate armour.
 37986 | Bazaar   | Found Ankirr's Magic Scroll Shoppe.
 37992 | Bazaar   | 37992 ||| BUYING scroll of teleportation (51 gold).
 37992 | Bazaar   | Bought a scroll of teleportation for 51 gold pieces
 38024 | Depths:1 | 38024 ||| PLANNING DEPTHS
 38123 | Depths:1 | 38123 ||| READING scroll of enchant armour.
 38123 | Depths:1 | 38123 ||| ENCHANTING +8 crystal plate armour.
 38136 | Depths:1 | Reached skill level 18 in Fighting
 38174 | Depths:1 | 38174 ||| Stepping ~*~*~tactically~*~*~ (hiding).
 38180 | Depths:1 | 38180 ||| Stepping ~*~*~tactically~*~*~ (hiding).
 38273 | Depths:1 | Found a transporter.
 38374 | Depths:1 | Found a gateway to Hell.
 38394 | Depths:1 | 38394 ||| INVOKING Heroism.
 38395 | Depths:1 | 38395 ||| INVOKING Finesse.
 38596 | Depths:1 | Found a one-way gate leading to the halls of Pandemonium.
 38597 | Depths:1 | 38597 ||| Stepping ~*~*~tactically~*~*~ (hiding).
 38600 | Depths:1 | 38600 ||| INVOKING Heroism.
 38681 | Depths:1 | 38681 ||| Stepping ~*~*~tactically~*~*~ (hiding).
 38703 | Depths:1 | Found a transporter.
 38871 | Depths:2 | 38871 ||| INVOKING Heroism.
 38872 | Depths:2 | 38872 ||| INVOKING Finesse.
 38876 | Depths:2 | Noticed Grunn
 38901 | Depths:2 | Killed Grunn
 38938 | Depths:2 | 38938 ||| Stepping ~*~*~tactically~*~*~ (hiding).
 38940 | Depths:2 | 38940 ||| Stepping ~*~*~tactically~*~*~ (hiding).
 38945 | Depths:2 | 38945 ||| Stepping ~*~*~tactically~*~*~ (hiding).
 38950 | Depths:2 | 38950 ||| INVOKING Heroism.
 38958 | Depths:2 | 38958 ||| Stepping ~*~*~tactically~*~*~ (stealth).
 38959 | Depths:2 | 38959 ||| Stepping ~*~*~tactically~*~*~ (stealth).
 38994 | Depths:2 | Found a one-way gateway to a ziggurat.
 39003 | Depths:2 | 39003 ||| Stepping ~*~*~tactically~*~*~ (stealth).
 39006 | Depths:2 | 39006 ||| INVOKING Finesse.
 39007 | Depths:2 | 39007 ||| Stepping ~*~*~tactically~*~*~ (stealth).
 39008 | Depths:2 | 39008 ||| Stepping ~*~*~tactically~*~*~ (stealth).
 39009 | Depths:2 | 39009 ||| INVOKING Heroism.
 39027 | Depths:2 | Reached skill level 21 in Armour
 39032 | Depths:2 | Received a gift from Okawaru
 39042 | Depths:2 | 39042 ||| INVOKING Heroism.
 39115 | Depths:2 | Identified the +8 great mace of the Green God {freeze,
                  | rElec rPois Dex+3}
 39118 | Depths:2 | 39118 ||| INVOKING Heroism.
 39337 | Depths:2 | 39337 ||| INVOKING Heroism.
 39355 | Depths:2 | Received a gift from Okawaru
 39453 | Depths:2 | 39453 ||| Stepping ~*~*~tactically~*~*~ (hiding).
 39461 | Depths:2 | 39461 ||| INVOKING Heroism.
 39551 | Depths:2 | 39551 ||| Stepping ~*~*~tactically~*~*~ (hiding).
 39560 | Depths:2 | 39560 ||| INVOKING Heroism.
 39724 | Depths:3 | 39724 ||| INVOKING Heroism.
 39733 | Depths:3 | 39733 ||| STAIRDANCE
 39746 | Depths:3 | Reached XP level 22. HP: 147/147 MP: 29/29
 39770 | Depths:3 | 39770 ||| Stepping ~*~*~tactically~*~*~ (hiding).
 39776 | Depths:3 | 39776 ||| INVOKING Heroism.
 39777 | Depths:3 | 39777 ||| INVOKING Finesse.
 39836 | Depths:3 | Found a one-way gate to the infinite horrors of the Abyss.
 39851 | Depths:3 | 39851 ||| INVOKING Heroism.
 39907 | Depths:3 | 39907 ||| INVOKING Finesse.
 40347 | Depths:3 | 40347 ||| Stepping ~*~*~tactically~*~*~ (hiding).
 40353 | Depths:3 | 40353 ||| INVOKING Finesse.
 40407 | Depths:3 | 40407 ||| Stepping ~*~*~tactically~*~*~ (hiding).
 40412 | Depths:3 | 40412 ||| INVOKING Heroism.
 40413 | Depths:3 | 40413 ||| INVOKING Finesse.
 40579 | Depths:3 | 40579 ||| INVOKING Heroism.
 40604 | Depths:3 | 40604 ||| INVOKING Finesse.
 40641 | Depths:3 | 40641 ||| INVOKING Heroism.
 40687 | Depths:3 | Received a gift from Okawaru
 40693 | Depths:3 | Identified the +9 short sword of the Arcadian God {vorpal,
                  | rN+ SInv}
 40696 | Depths:3 | Noticed a caustic shrike
 40697 | Depths:3 | 40697 ||| Stepping ~*~*~tactically~*~*~ (stealth).
 40701 | Depths:3 | 40701 ||| INVOKING Heroism.
 40702 | Depths:3 | 40702 ||| INVOKING Finesse.
 40712 | Depths:3 | Killed a caustic shrike
 40764 | Depths:3 | 40764 ||| INVOKING Finesse.
 40767 | Depths:3 | 40767 ||| INVOKING Heroism.
 40809 | Depths:3 | 40809 ||| INVOKING Heroism.
 40825 | Depths:3 | Noticed a juggernaut
 40844 | Depths:3 | Killed a juggernaut
 40850 | Depths:3 | 40850 ||| Stepping ~*~*~tactically~*~*~ (stealth).
 40852 | Depths:3 | 40852 ||| Stepping ~*~*~tactically~*~*~ (hiding).
 40857 | Depths:3 | 40857 ||| INVOKING Heroism.
 40858 | Depths:3 | 40858 ||| INVOKING Finesse.
 40861 | Depths:3 | Noticed a juggernaut
 40875 | Depths:3 | Noticed a juggernaut
 40884 | Depths:3 | Killed a juggernaut
 40905 | Depths:3 | Killed a juggernaut
 40956 | Depths:3 | 40956 ||| INVOKING Heroism.
 40957 | Depths:3 | 40957 ||| INVOKING Finesse.
 40977 | Depths:3 | Noticed a juggernaut
 40997 | Depths:3 | Killed a juggernaut
 41027 | Depths:3 | Identified the ring "Xalusk" {rPois rC++ Dex+2 Slay+4}
 41096 | Depths:3 | 41096 ||| INVOKING Finesse.
 41162 | Depths:3 | 41162 ||| DROPPING +2 hat.
 41163 | Depths:3 | 41163 ||| UPGRADING to +1 pair of gloves of infusion.
 41173 | Depths:3 | 41173 ||| DROPPING +0 pair of gloves.
 41174 | Depths:3 | 41174 ||| DROPPING amulet of faith.
 41175 | Depths:3 | 41175 ||| DROPPING ring of protection from cold.
 41176 | Depths:3 | 41176 ||| DROPPING +6 ring of dexterity.
 41177 | Depths:3 | 41177 ||| UPGRADING to ring "Xalusk" {rPois rC++ Dex+2
                  | Slay+4}.
 41193 | Depths:4 | Entered Level 4 of the Depths
 41213 | Depths:4 | 41213 ||| INVOKING Heroism.
 41214 | Depths:4 | 41214 ||| INVOKING Finesse.
 41220 | Depths:4 | 41220 ||| Stepping ~*~*~tactically~*~*~ (hiding).
 41229 | Depths:4 | 41229 ||| INVOKING Heroism.
 41256 | Depths:4 | 41256 ||| Stepping ~*~*~tactically~*~*~ (hiding).
 41330 | Depths:4 | 41330 ||| Stepping ~*~*~tactically~*~*~ (stealth).
 41423 | Depths:4 | 41423 ||| INVOKING Heroism.
 41424 | Depths:4 | 41424 ||| INVOKING Finesse.
 41432 | Depths:4 | Reached XP level 23. HP: 156/156 MP: 7/30
 41435 | Depths:4 | Reached skill level 6 in Dodging
 41439 | Depths:4 | 41439 ||| Stepping ~*~*~tactically~*~*~ (hiding).
 41440 | Depths:4 | 41440 ||| Stepping ~*~*~tactically~*~*~ (hiding).
 41619 | Depths:4 | 41619 ||| Stepping ~*~*~tactically~*~*~ (stealth).
 41621 | Depths:4 | 41621 ||| Stepping ~*~*~tactically~*~*~ (hiding).
 41626 | Depths:4 | 41626 ||| INVOKING Heroism.
 41627 | Depths:4 | 41627 ||| INVOKING Finesse.
 41639 | Depths:4 | Noticed a golden dragon
 41646 | Depths:4 | 41646 ||| Stepping ~*~*~tactically~*~*~ (hiding).
 41647 | Depths:4 | 41647 ||| Stepping ~*~*~tactically~*~*~ (hiding).
 41655 | Depths:4 | Killed a golden dragon
 41667 | Depths:4 | Noticed a golden dragon
 41668 | Depths:4 | 41668 ||| Stepping ~*~*~tactically~*~*~ (hiding).
 41673 | Depths:4 | Found a gate to the Realm of Zot.
 41674 | Depths:4 | 41674 ||| INVOKING Heroism.
 41693 | Depths:4 | Killed a golden dragon
 41914 | Depths:4 | Reached skill level 21 in Shields
 41946 | Depths:4 | Noticed Xtahua
 41947 | Depths:4 | 41947 ||| Stepping ~*~*~tactically~*~*~ (hiding).
 41948 | Depths:4 | 41948 ||| DRINKING 3 potions of resistance.
 41959 | Depths:4 | Paralysed by Xtahua for 4 turns
 41966 | Depths:4 | Killed Xtahua
 41967 | Depths:4 | 41967 ||| Stepping ~*~*~tactically~*~*~ (cloud).
 41995 | Depths:4 | Noticed Boris
 41996 | Depths:4 | 41996 ||| INVOKING Heroism.
 42016 | Depths:4 | Killed Boris
 42069 | Depths:4 | 42069 ||| Stepping ~*~*~tactically~*~*~ (stealth).
 42108 | Depths:4 | 42108 ||| Stepping ~*~*~tactically~*~*~ (hiding).
 42170 | Depths:4 | Found a glowing golden altar of the Shining One.
 42170 | Depths:4 | Found a runed translucent door.
 42171 | Depths:4 | 42171 ||| Stepping ~*~*~tactically~*~*~ (stealth).
 42229 | Depths:4 | 42229 ||| Stepping ~*~*~tactically~*~*~ (hiding).
 42280 | Depths:4 | 42280 ||| FLEEEEING.
 42281 | Depths:4 | 42281 ||| FLEEEEING.
 42325 | Depths:4 | Found a bloodstained altar of Trog.
 42457 | Depths:4 | 42457 ||| INVOKING Heroism.
 42467 | Depths:4 | Received a gift from Okawaru
 42650 | Depths:4 | 42650 ||| Stepping ~*~*~tactically~*~*~ (hiding).
 42651 | Depths:4 | 42651 ||| Stepping ~*~*~tactically~*~*~ (hiding).
 42652 | Depths:4 | 42652 ||| Stepping ~*~*~tactically~*~*~ (hiding).
 42655 | Depths:4 | 42655 ||| Stepping ~*~*~tactically~*~*~ (hiding).
 42657 | Depths:4 | 42657 ||| INVOKING Heroism.
 42658 | Depths:4 | 42658 ||| INVOKING Finesse.
 42994 | Depths:4 | 42994 ||| PLANNING VAULTS:5
 43024 | Depths:4 | 43024 ||| Stepping randomly (stuck).
 43025 | Depths:4 | 43025 ||| Stepping randomly (stuck).
 43026 | Depths:4 | 43026 ||| Stepping randomly (stuck).
 43326 | Vaults:5 | Entered Level 5 of the Vaults
 43327 | Vaults:5 | 43327 ||| INVOKING Heroism.
 43328 | Vaults:5 | 43328 ||| STAIRDANCE
 43415 | Vaults:5 | 43415 ||| STAIRDANCE
 43417 | Vaults:4 | 43417 ||| INVOKING Heroism.
 43425 | Vaults:4 | Reached skill level 21 in Fighting
 43568 | Vaults:5 | 43568 ||| STAIRDANCE
 43570 | Vaults:4 | 43570 ||| INVOKING Heroism.
 43724 | Vaults:5 | 43724 ||| STAIRDANCE
 43726 | Vaults:4 | 43726 ||| INVOKING Heroism.
 43873 | Vaults:5 | 43873 ||| STAIRDANCE
 43875 | Vaults:4 | 43875 ||| INVOKING Heroism.
 43876 | Vaults:4 | 43876 ||| INVOKING Finesse.
 43997 | Vaults:5 | 43997 ||| STAIRDANCE
 43999 | Vaults:4 | Gained mutation: Armour fits poorly on your strangely
                  | shaped body. [a shining eye]
 44003 | Vaults:4 | 44003 ||| DRINKING 8 potions of mutation.
 44003 | Vaults:4 | Lost mutation: Armour fits poorly on your strangely shaped
                  | body. [potion of mutation]
 44003 | Vaults:4 | Gained mutation: You are covered in fur. (AC +1) [potion of
                  | mutation]
 44003 | Vaults:4 | Gained mutation: You occasionally lose the ability to drink
                  | potions when taking damage. [potion of mutation]
 44003 | Vaults:4 | Gained mutation: You are agile. (Dex +4, Str/Int -1)
                  | [potion of mutation]
 44004 | Vaults:4 | 44004 ||| DRINKING 7 potions of mutation.
 44004 | Vaults:4 | Lost mutation: You are agile. (Dex +4, Str/Int -1) [potion
                  | of mutation]
 44004 | Vaults:4 | Lost mutation: You occasionally lose the ability to drink
                  | potions when taking damage. [potion of mutation]
 44004 | Vaults:4 | Lost mutation: You are covered in fur. (AC +1) [potion of
                  | mutation]
 44004 | Vaults:4 | Gained mutation: You are partially covered in iridescent
                  | scales. (AC +2) [potion of mutation]
 44004 | Vaults:4 | Gained mutation: You have sharp toenails. [potion of
                  | mutation]
 44020 | Vaults:5 | 44020 ||| STAIRDANCE
 44036 | Vaults:5 | 44036 ||| Stepping ~*~*~tactically~*~*~ (hiding).
 44038 | Vaults:5 | 44038 ||| Stepping ~*~*~tactically~*~*~ (hiding).
 44039 | Vaults:5 | 44039 ||| Stepping ~*~*~tactically~*~*~ (hiding).
 44043 | Vaults:5 | 44043 ||| INVOKING Heroism.
 44055 | Vaults:5 | Reached skill level 12 in Throwing
 44086 | Vaults:5 | 44086 ||| Stepping ~*~*~tactically~*~*~ (stealth).
 44087 | Vaults:5 | 44087 ||| Stepping ~*~*~tactically~*~*~ (stealth).
 44088 | Vaults:5 | 44088 ||| Stepping ~*~*~tactically~*~*~ (stealth).
 44157 | Vaults:5 | 44157 ||| INVOKING Heroism.
 44161 | Vaults:5 | Noticed Sojobo
 44162 | Vaults:5 | 44162 ||| INVOKING Finesse.
 44166 | Vaults:5 | Paralysed by an air elemental for 1 turns
 44173 | Vaults:5 | Noticed an ancient lich
 44178 | Vaults:5 | Paralysed by an air elemental for 1 turns
 44182 | Vaults:5 | 44182 ||| INVOKING Heroism.
 44191 | Vaults:5 | Received a gift from Okawaru
 44199 | Vaults:5 | Paralysed by an air elemental for 1 turns
 44206 | Vaults:5 | Killed Sojobo
 44210 | Abyss:2  | Cast into level 2 of the Abyss (a deep elf sorcerer)
 44239 | Abyss:2  | 44239 ||| Stepping ~*~*~tactically~*~*~ (stealth).
 44247 | Abyss:2  | 44247 ||| INVOKING Heroism.
 44254 | Abyss:2  | Noticed an ancient lich
 44268 | Abyss:2  | Killed an ancient lich
 44268 | Abyss:2  | Received a gift from Okawaru
 44293 | Abyss:2  | Identified the +1 chain mail of the Desert {Int+4} (Okawaru
                  | gifted it to you on level 2 of the Abyss)
 44293 | Abyss:2  | Received a gift from Okawaru
 44304 | Abyss:2  | 44304 ||| Stepping ~*~*~tactically~*~*~ (hiding).
 44306 | Abyss:2  | 44306 ||| Stepping ~*~*~tactically~*~*~ (hiding).
 44354 | Abyss:2  | 44354 ||| INVOKING Heroism.
 44379 | Abyss:2  | 44379 ||| Stepping ~*~*~tactically~*~*~ (hiding).
 44381 | Abyss:2  | 44381 ||| Stepping ~*~*~tactically~*~*~ (hiding).
 44406 | Abyss:2  | 44406 ||| Stepping ~*~*~tactically~*~*~ (stealth).
 44409 | Abyss:2  | 44409 ||| Stepping ~*~*~tactically~*~*~ (stealth).
 44419 | Abyss:2  | 44419 ||| Stepping ~*~*~tactically~*~*~ (stealth).
 44421 | Abyss:2  | 44421 ||| Stepping ~*~*~tactically~*~*~ (hiding).
 44428 | Vaults:5 | Escaped the Abyss
 44429 | Vaults:5 | 44429 ||| INVOKING Heroism.
 44433 | Vaults:5 | HP: 30/162 [tengu reaver/bolt of acid[Sojobo] (25)]
 44434 | Vaults:5 | 44434 ||| READING 16 scrolls of teleportation.
 44435 | Vaults:5 | 44435 ||| DRINKING 4 potions of heal wounds.
 44440 | Vaults:5 | Killed an ancient lich
 44441 | Vaults:5 | Reached XP level 24. HP: 53/168 MP: 1/30
 44461 | Abyss:2  | Cast into level 2 of the Abyss (a deep elf sorcerer)
 44511 | Abyss:2  | 44511 ||| INVOKING Heroism.
 44526 | Abyss:2  | Found a corrupted altar of Lugonu.
 44550 | Abyss:2  | 44550 ||| Stepping ~*~*~tactically~*~*~ (stealth).
 44560 | Abyss:2  | 44560 ||| Stepping ~*~*~tactically~*~*~ (stealth).
 44561 | Abyss:2  | 44561 ||| Stepping ~*~*~tactically~*~*~ (stealth).
 44562 | Abyss:2  | 44562 ||| Stepping ~*~*~tactically~*~*~ (stealth).
 44563 | Abyss:2  | 44563 ||| Stepping ~*~*~tactically~*~*~ (stealth).
 44577 | Abyss:2  | 44577 ||| Stepping ~*~*~tactically~*~*~ (stealth).
 44587 | Abyss:2  | 44587 ||| Stepping ~*~*~tactically~*~*~ (stealth).
 44591 | Abyss:2  | 44591 ||| DRINKING 2 potions of curing.
 44591 | Abyss:2  | 44591 ||| (to cure confusion)
 44593 | Abyss:2  | 44593 ||| INVOKING Heroism.
 44598 | Abyss:2  | 44598 ||| DRINKING potion of curing.
 44598 | Abyss:2  | 44598 ||| (to cure confusion)
 44605 | Abyss:2  | Found a corrupted altar of Lugonu.
 44624 | Abyss:2  | 44624 ||| Stepping ~*~*~tactically~*~*~ (stealth).
 44628 | Abyss:2  | 44628 ||| Stepping ~*~*~tactically~*~*~ (hiding).
 44637 | Abyss:2  | 44637 ||| Stepping ~*~*~tactically~*~*~ (hiding).
 44638 | Abyss:2  | 44638 ||| Stepping ~*~*~tactically~*~*~ (hiding).
 44650 | Abyss:2  | 44650 ||| Stepping ~*~*~tactically~*~*~ (stealth).
 44666 | Abyss:2  | 44666 ||| Stepping ~*~*~tactically~*~*~ (hiding).
 44667 | Abyss:2  | 44667 ||| Stepping ~*~*~tactically~*~*~ (hiding).
 44669 | Abyss:2  | 44669 ||| Stepping ~*~*~tactically~*~*~ (hiding).
 44681 | Abyss:2  | 44681 ||| Stepping ~*~*~tactically~*~*~ (hiding).
 44682 | Abyss:2  | 44682 ||| Stepping ~*~*~tactically~*~*~ (hiding).
 44703 | Abyss:2  | 44703 ||| Stepping ~*~*~tactically~*~*~ (stealth).
 44705 | Abyss:2  | 44705 ||| INVOKING Heroism.
 44717 | Abyss:2  | Found a corrupted altar of Lugonu.
 44719 | Vaults:5 | Escaped the Abyss
 44725 | Vaults:5 | 44725 ||| DRINKING 2 potions of resistance.
 44742 | Vaults:5 | Paralysed by a sphinx for 5 turns
 44921 | Vaults:5 | 44921 ||| READING 3 scrolls of enchant armour.
 44921 | Vaults:5 | 44921 ||| ENCHANTING +9 crystal plate armour.
 44922 | Vaults:5 | 44922 ||| READING 2 scrolls of enchant armour.
 44922 | Vaults:5 | 44922 ||| ENCHANTING +10 crystal plate armour.
 44923 | Vaults:5 | 44923 ||| READING scroll of enchant armour.
 44923 | Vaults:5 | 44923 ||| ENCHANTING +11 crystal plate armour.
 44991 | Vaults:5 | Got a silver rune of Zot
 45090 | Vaults:5 | 45090 ||| INVOKING Heroism.
 45182 | Vaults:5 | 45182 ||| INVOKING Heroism.
 45288 | Vaults:5 | 45288 ||| Stepping ~*~*~tactically~*~*~ (hiding).
 45289 | Vaults:5 | 45289 ||| Stepping ~*~*~tactically~*~*~ (hiding).
 45323 | Vaults:5 | 45323 ||| Stepping ~*~*~tactically~*~*~ (hiding).
 45497 | Vaults:5 | 45497 ||| Stepping ~*~*~tactically~*~*~ (stealth).
 45684 | Vaults:5 | Noticed a dread lich
 45685 | Vaults:5 | 45685 ||| INVOKING Heroism.
 45686 | Vaults:5 | 45686 ||| INVOKING Finesse.
 45694 | Vaults:5 | Killed a dread lich
 45760 | Vaults:5 | Noticed an ancient lich
 45761 | Vaults:5 | 45761 ||| Stepping ~*~*~tactically~*~*~ (hiding).
 45763 | Vaults:5 | 45763 ||| INVOKING Heroism.
 45771 | Vaults:5 | Killed an ancient lich
 45960 | Vaults:5 | 45960 ||| INVOKING Heroism.
 45967 | Vaults:5 | Identified the +0 cloak of the Lily {Str+4 Dex+7} (Okawaru
                  | gifted it to you on level 5 of the Vaults)
 45967 | Vaults:5 | Received a gift from Okawaru
 46112 | Vaults:5 | 46112 ||| PLANNING SHOPPING SPREE
 46112 | Vaults:5 | 46112 ||| DROPPING +0 helmet of intelligence.
 46113 | Vaults:5 | 46113 ||| DROPPING amulet of magic regeneration.
 46114 | Vaults:5 | 46114 ||| DROPPING +6 ring of strength.
 46538 | D:2      | 46538 ||| Stepping ~*~*~tactically~*~*~ (hiding).
 46540 | D:2      | 46540 ||| Stepping ~*~*~tactically~*~*~ (hiding).
 46543 | D:2      | 46543 ||| Stepping ~*~*~tactically~*~*~ (hiding).
 46781 | D:7      | 46781 ||| BUYING ring of Muota {MP-9 Str+9 Int+6 Dex-3
                  | SInv} (4090 gold).
 46781 | D:7      | Bought the ring of Muota {MP-9 Str+9 Int+6 Dex-3 SInv} for
                  | 4090 gold pieces
 46781 | D:7      | 46781 ||| UPGRADING to ring of Muota {MP-9 Str+9 Int+6
                  | Dex-3 SInv}.
 46783 | D:7      | 46783 ||| DROPPING +4 ring of protection.
 46784 | D:7      | 46784 ||| PLANNING ZOT:1-4
 47076 | Zot:1    | Entered Level 1 of the Realm of Zot
 47079 | Zot:1    | 47079 ||| PLANNING D:1-11
 47079 | Zot:1    | 47079 ||| Stepping ~*~*~tactically~*~*~ (hiding).
 47082 | Zot:1    | 47082 ||| INVOKING Heroism.
 47112 | Depths:4 | 47112 ||| Stepping randomly (stuck).
 47113 | Depths:4 | 47113 ||| Stepping randomly (stuck).
 47114 | Depths:4 | 47114 ||| Stepping randomly (stuck).
 47115 | Depths:4 | 47115 ||| Stepping randomly (stuck).
 47116 | Depths:4 | 47116 ||| Stepping randomly (stuck).
 47117 | Depths:4 | 47117 ||| Stepping randomly (stuck).
 47118 | Depths:4 | 47118 ||| Stepping randomly (stuck).
 47119 | Depths:4 | 47119 ||| Stepping randomly (stuck).
 47120 | Depths:4 | 47120 ||| Stepping randomly (stuck).
 47121 | Depths:4 | 47121 ||| Stepping randomly (stuck).
 47122 | Depths:4 | 47122 ||| Stepping randomly (stuck).
 47123 | Depths:4 | 47123 ||| Stepping randomly (stuck).
 47124 | Depths:4 | 47124 ||| Stepping randomly (stuck).
 47125 | Depths:4 | 47125 ||| Stepping randomly (stuck).
 47126 | Depths:4 | 47126 ||| Stepping randomly (stuck).
 47127 | Depths:4 | 47127 ||| Stepping randomly (stuck).
 47128 | Depths:4 | 47128 ||| Stepping randomly (stuck).
 47129 | Depths:4 | 47129 ||| Stepping randomly (stuck).
 47130 | Depths:4 | 47130 ||| Stepping randomly (stuck).
 47131 | Depths:4 | 47131 ||| Stepping randomly (stuck).
 47132 | Depths:4 | 47132 ||| Stepping randomly (stuck).
 47133 | Depths:4 | 47133 ||| Stepping randomly (stuck).
 47134 | Depths:4 | 47134 ||| Stepping randomly (stuck).
 47135 | Depths:4 | 47135 ||| Stepping randomly (stuck).
 47136 | Depths:4 | 47136 ||| Stepping randomly (stuck).
 47137 | Depths:4 | 47137 ||| Stepping randomly (stuck).
 47138 | Depths:4 | 47138 ||| Stepping randomly (stuck).
 47139 | Depths:4 | 47139 ||| Stepping randomly (stuck).
 47140 | Depths:4 | 47140 ||| Stepping randomly (stuck).
 47141 | Depths:4 | 47141 ||| Stepping randomly (stuck).
 47142 | Depths:4 | 47142 ||| Stepping randomly (stuck).
 47143 | Depths:4 | 47143 ||| Stepping randomly (stuck).
 47144 | Depths:4 | 47144 ||| Stepping randomly (stuck).
 47145 | Depths:4 | 47145 ||| Stepping randomly (stuck).
 47146 | Depths:4 | 47146 ||| Stepping randomly (stuck).
 47147 | Depths:4 | 47147 ||| Stepping randomly (stuck).
 47148 | Depths:4 | 47148 ||| Stepping randomly (stuck).
 47149 | Depths:4 | 47149 ||| Stepping randomly (stuck).
 47150 | Depths:4 | 47150 ||| Stepping randomly (stuck).
 47151 | Depths:4 | 47151 ||| Stepping randomly (stuck).
 47152 | Depths:4 | 47152 ||| Stepping randomly (stuck).
 47153 | Depths:4 | 47153 ||| Stepping randomly (stuck).
 47154 | Depths:4 | 47154 ||| Stepping randomly (stuck).
 47155 | Depths:4 | 47155 ||| Stepping randomly (stuck).
 47156 | Depths:4 | 47156 ||| Stepping randomly (stuck).
 47157 | Depths:4 | 47157 ||| Stepping randomly (stuck).
 47158 | Depths:4 | 47158 ||| Stepping randomly (stuck).
 47159 | Depths:4 | 47159 ||| Stepping randomly (stuck).
 47160 | Depths:4 | 47160 ||| Stepping randomly (stuck).
 47161 | Depths:4 | 47161 ||| Stepping randomly (stuck).
 47162 | Depths:4 | 47162 ||| Stepping randomly (stuck).
 47163 | Depths:4 | 47163 ||| READING 16 scrolls of teleportation.
 47168 | Depths:4 | 47168 ||| READING 15 scrolls of teleportation.
 47171 | Depths:4 | 47171 ||| READING 14 scrolls of teleportation.
 47175 | Depths:4 | 47175 ||| READING 13 scrolls of teleportation.
 47179 | Depths:4 | 47179 ||| READING 12 scrolls of teleportation.
 47183 | Depths:4 | 47183 ||| READING 11 scrolls of teleportation.
 47187 | Depths:4 | 47187 ||| READING 10 scrolls of teleportation.
 47191 | Depths:4 | 47191 ||| READING 9 scrolls of teleportation.
 47194 | Depths:4 | 47194 ||| READING 8 scrolls of teleportation.
 47322 | Depths:4 | 47322 ||| Stepping ~*~*~tactically~*~*~ (stealth).
 47386 | Depths:4 | 47386 ||| FLEEEEING.
 47467 | Depths:4 | 47467 ||| FLEEEEING.
 47534 | Depths:4 | 47534 ||| FLEEEEING.
 47672 | Depths:4 | 47672 ||| FLEEEEING.
 47673 | Depths:4 | 47673 ||| FLEEEEING.
 47716 | Depths:4 | 47716 ||| FLEEEEING.
 47789 | Depths:4 | 47789 ||| FLEEEEING.
 47790 | Depths:4 | 47790 ||| FLEEEEING.
 47823 | Depths:4 | 47823 ||| FLEEEEING.
 48789 | Depths:4 | 48789 ||| FLEEEEING.
 48790 | Depths:4 | 48790 ||| FLEEEEING.
 49204 | Depths:4 | 49204 ||| FLEEEEING.
 49226 | Depths:4 | 49226 ||| FLEEEEING.
 49253 | Depths:4 | 49253 ||| FLEEEEING.
 49254 | Depths:4 | 49254 ||| FLEEEEING.
 49797 | Depths:4 | 49797 ||| FLEEEEING.
 50263 | Depths:4 | 50263 ||| FLEEEEING.
 50264 | Depths:4 | 50264 ||| FLEEEEING.
 50407 | Depths:4 | 50407 ||| FLEEEEING.
 50451 | Depths:4 | 50451 ||| FLEEEEING.
 50820 | Depths:4 | 50820 ||| FLEEEEING.
 50821 | Depths:4 | 50821 ||| FLEEEEING.
 50846 | Depths:4 | 50846 ||| FLEEEEING.
 50847 | Depths:4 | 50847 ||| FLEEEEING.
 51310 | Depths:4 | 51310 ||| FLEEEEING.
 51311 | Depths:4 | 51311 ||| FLEEEEING.
 51485 | Depths:4 | 51485 ||| FLEEEEING.
 51486 | Depths:4 | 51486 ||| FLEEEEING.
 51730 | Depths:4 | 51730 ||| FLEEEEING.
 51978 | Depths:4 | 51978 ||| FLEEEEING.
 53275 | Depths:4 | 53275 ||| FLEEEEING.
 53621 | Depths:4 | 53621 ||| FLEEEEING.
 53622 | Depths:4 | 53622 ||| FLEEEEING.
 53842 | Depths:4 | 53842 ||| FLEEEEING.
 53843 | Depths:4 | 53843 ||| FLEEEEING.
 53950 | Depths:4 | 53950 ||| FLEEEEING.
 53951 | Depths:4 | 53951 ||| FLEEEEING.
 54123 | Depths:4 | 54123 ||| FLEEEEING.
 54151 | Depths:4 | 54151 ||| FLEEEEING.
 54904 | Depths:4 | 54904 ||| FLEEEEING.
 55116 | Depths:4 | 55116 ||| FLEEEEING.
 55117 | Depths:4 | 55117 ||| FLEEEEING.
 55147 | Depths:4 | 55147 ||| FLEEEEING.
 55148 | Depths:4 | 55148 ||| FLEEEEING.
 55257 | Depths:4 | 55257 ||| FLEEEEING.
 55258 | Depths:4 | 55258 ||| FLEEEEING.
 55729 | Depths:4 | 55729 ||| FLEEEEING.
 55730 | Depths:4 | 55730 ||| FLEEEEING.
 56423 | Depths:4 | 56423 ||| FLEEEEING.
 56424 | Depths:4 | 56424 ||| FLEEEEING.
 56747 | Depths:4 | 56747 ||| FLEEEEING.
 56748 | Depths:4 | 56748 ||| FLEEEEING.
 56887 | Depths:4 | 56887 ||| FLEEEEING.
 56888 | Depths:4 | 56888 ||| FLEEEEING.
 57899 | Depths:4 | 57899 ||| FLEEEEING.
 57900 | Depths:4 | 57900 ||| FLEEEEING.
 58647 | Depths:4 | 58647 ||| FLEEEEING.
 58782 | Depths:4 | 58782 ||| FLEEEEING.
 58783 | Depths:4 | 58783 ||| FLEEEEING.
 58806 | Depths:4 | 58806 ||| FLEEEEING.
 58941 | Depths:4 | 58941 ||| FLEEEEING.
 58942 | Depths:4 | 58942 ||| FLEEEEING.
 59220 | Depths:4 | 59220 ||| FLEEEEING.
 59579 | Depths:4 | 59579 ||| FLEEEEING.
 60048 | Depths:4 | 60048 ||| FLEEEEING.
 60049 | Depths:4 | 60049 ||| FLEEEEING.
 60402 | Depths:4 | 60402 ||| FLEEEEING.
 60603 | Depths:4 | 60603 ||| FLEEEEING.
 61275 | Depths:4 | 61275 ||| FLEEEEING.
 61796 | Depths:4 | 61796 ||| FLEEEEING.
 61860 | Depths:4 | 61860 ||| FLEEEEING.
 62080 | Depths:4 | 62080 ||| FLEEEEING.
 62299 | Depths:4 | 62299 ||| FLEEEEING.
 62300 | Depths:4 | 62300 ||| FLEEEEING.
 62962 | Depths:4 | 62962 ||| FLEEEEING.
 63100 | Depths:4 | 63100 ||| FLEEEEING.
 63374 | Depths:4 | 63374 ||| FLEEEEING.
 63375 | Depths:4 | 63375 ||| FLEEEEING.
 64016 | Depths:4 | 64016 ||| FLEEEEING.
 64017 | Depths:4 | 64017 ||| FLEEEEING.
 64659 | Depths:4 | 64659 ||| FLEEEEING.
 64660 | Depths:4 | 64660 ||| FLEEEEING.
 64789 | Depths:4 | 64789 ||| FLEEEEING.
 64903 | Depths:4 | 64903 ||| FLEEEEING.
 64904 | Depths:4 | 64904 ||| FLEEEEING.
 64904 | Depths:4 | Glimpsed the power of Zot.
 64982 | Depths:4 | 64982 ||| FLEEEEING.
 64983 | Depths:4 | 64983 ||| FLEEEEING.
 65101 | Depths:4 | 65101 ||| FLEEEEING.
 65232 | Depths:4 | 65232 ||| FLEEEEING.
 65275 | Depths:4 | 65275 ||| FLEEEEING.
 65276 | Depths:4 | 65276 ||| FLEEEEING.
 65404 | Depths:4 | Glimpsed the power of Zot.
 65764 | Depths:4 | 65764 ||| FLEEEEING.
 65792 | Depths:4 | 65792 ||| FLEEEEING.
 65793 | Depths:4 | 65793 ||| FLEEEEING.
 65804 | Depths:4 | Glimpsed the power of Zot.
 65904 | Depths:4 | Touched by the power of Zot.
 65905 | Depths:4 | Glimpsed the power of Zot.
 65907 | Depths:4 | 65907 ||| FLEEEEING.
 66080 | Depths:4 | 66080 ||| FLEEEEING.
 66405 | Depths:4 | Glimpsed the power of Zot.
 66659 | Depths:4 | 66659 ||| FLEEEEING.
 66768 | Depths:4 | 66768 ||| FLEEEEING.
 66769 | Depths:4 | 66769 ||| FLEEEEING.
 66805 | Depths:4 | Glimpsed the power of Zot.
 66904 | Depths:4 | Touched by the power of Zot.
 66905 | Depths:4 | Glimpsed the power of Zot.
 67037 | Depths:4 | 67037 ||| FLEEEEING.
 67191 | Depths:4 | 67191 ||| FLEEEEING.
 67192 | Depths:4 | 67192 ||| FLEEEEING.
 67405 | Depths:4 | Glimpsed the power of Zot.
 67779 | Depths:4 | 67779 ||| FLEEEEING.
 67805 | Depths:4 | Glimpsed the power of Zot.
 67904 | Depths:4 | Touched by the power of Zot.
 67905 | Depths:4 | Glimpsed the power of Zot.
 68182 | Depths:4 | 68182 ||| FLEEEEING.
 68373 | Depths:4 | 68373 ||| FLEEEEING.
 68391 | Depths:4 | 68391 ||| FLEEEEING.
 68392 | Depths:4 | 68392 ||| FLEEEEING.
 68405 | Depths:4 | Glimpsed the power of Zot.
 68521 | Depths:4 | 68521 ||| FLEEEEING.
 68533 | Depths:4 | 68533 ||| FLEEEEING.
 68535 | Depths:4 | 68535 ||| FLEEEEING.
 68536 | Depths:4 | 68536 ||| FLEEEEING.
 68656 | Depths:4 | 68656 ||| FLEEEEING.
 68774 | Depths:4 | 68774 ||| FLEEEEING.
 68805 | Depths:4 | Glimpsed the power of Zot.
 68904 | Depths:4 | Touched by the power of Zot.
 68905 | Depths:4 | Glimpsed the power of Zot.
 69078 | Depths:4 | 69078 ||| FLEEEEING.
 69116 | Depths:4 | 69116 ||| FLEEEEING.
 69134 | Depths:4 | 69134 ||| FLEEEEING.
 69237 | Depths:4 | 69237 ||| FLEEEEING.
 69238 | Depths:4 | 69238 ||| FLEEEEING.
 69258 | Depths:4 | 69258 ||| FLEEEEING.
 69276 | Depths:4 | 69276 ||| FLEEEEING.
 69380 | Depths:4 | 69380 ||| FLEEEEING.
 69381 | Depths:4 | 69381 ||| FLEEEEING.
 69405 | Depths:4 | Glimpsed the power of Zot.
 69428 | Depths:4 | 69428 ||| FLEEEEING.
 69606 | Depths:4 | 69606 ||| FLEEEEING.
 69615 | Depths:4 | 69615 ||| FLEEEEING.
 69683 | Depths:4 | 69683 ||| FLEEEEING.
 69684 | Depths:4 | 69684 ||| FLEEEEING.
 69740 | Depths:4 | 69740 ||| FLEEEEING.
 69805 | Depths:4 | Glimpsed the power of Zot.
 69857 | Depths:4 | 69857 ||| FLEEEEING.
 69866 | Depths:4 | 69866 ||| FLEEEEING.
 69880 | Depths:4 | 69880 ||| FLEEEEING.
 69881 | Depths:4 | 69881 ||| FLEEEEING.
 69904 | Depths:4 | Touched by the power of Zot.
 69905 | Depths:4 | Glimpsed the power of Zot.
 69921 | Depths:4 | 69921 ||| FLEEEEING.
 69922 | Depths:4 | 69922 ||| FLEEEEING.
 70273 | Depths:4 | 70273 ||| FLEEEEING.
 70307 | Depths:4 | 70307 ||| FLEEEEING.
 70405 | Depths:4 | Glimpsed the power of Zot.
 70442 | Depths:4 | 70442 ||| FLEEEEING.
 70460 | Depths:4 | 70460 ||| FLEEEEING.
 70461 | Depths:4 | 70461 ||| FLEEEEING.
 70588 | Depths:4 | 70588 ||| FLEEEEING.
 70589 | Depths:4 | 70589 ||| FLEEEEING.
 70647 | Depths:4 | 70647 ||| FLEEEEING.
 70665 | Depths:4 | 70665 ||| FLEEEEING.
 70787 | Depths:4 | 70787 ||| FLEEEEING.
 70805 | Depths:4 | Glimpsed the power of Zot.
 70904 | Depths:4 | Touched by the power of Zot.
 70905 | Depths:4 | Glimpsed the power of Zot.
 71009 | Depths:4 | 71009 ||| FLEEEEING.
 71150 | Depths:4 | 71150 ||| FLEEEEING.
 71151 | Depths:4 | 71151 ||| FLEEEEING.
 71257 | Depths:4 | 71257 ||| FLEEEEING.
 71367 | Depths:4 | 71367 ||| FLEEEEING.
 71384 | Depths:4 | 71384 ||| FLEEEEING.
 71405 | Depths:4 | Glimpsed the power of Zot.
 71653 | Depths:4 | 71653 ||| FLEEEEING.
 71663 | Depths:4 | 71663 ||| FLEEEEING.
 71785 | Depths:4 | 71785 ||| FLEEEEING.
 71805 | Depths:4 | Glimpsed the power of Zot.
 71827 | Depths:4 | 71827 ||| FLEEEEING.
 71828 | Depths:4 | 71828 ||| FLEEEEING.
 71904 | Depths:4 | Touched by the power of Zot.
 71905 | Depths:4 | Glimpsed the power of Zot.
 72197 | Depths:4 | 72197 ||| FLEEEEING.
 72368 | Depths:4 | 72368 ||| FLEEEEING.
 72393 | Depths:4 | 72393 ||| FLEEEEING.
 72405 | Depths:4 | Glimpsed the power of Zot.
 72406 | Depths:4 | 72406 ||| FLEEEEING.
 72541 | Depths:4 | 72541 ||| FLEEEEING.
 72542 | Depths:4 | 72542 ||| FLEEEEING.
 72595 | Depths:4 | 72595 ||| FLEEEEING.
 72607 | Depths:4 | 72607 ||| FLEEEEING.
 72688 | Depths:4 | 72688 ||| FLEEEEING.
 72689 | Depths:4 | 72689 ||| FLEEEEING.
 72797 | Depths:4 | 72797 ||| FLEEEEING.
 72798 | Depths:4 | 72798 ||| FLEEEEING.
 72805 | Depths:4 | Glimpsed the power of Zot.
 72817 | Depths:4 | 72817 ||| FLEEEEING.
 72835 | Depths:4 | 72835 ||| FLEEEEING.
 72836 | Depths:4 | 72836 ||| FLEEEEING.
 72904 | Depths:4 | Touched by the power of Zot.
 72905 | Depths:4 | Glimpsed the power of Zot.
 73166 | Depths:4 | 73166 ||| FLEEEEING.
 73360 | Depths:4 | 73360 ||| FLEEEEING.
 73405 | Depths:4 | Glimpsed the power of Zot.
 73758 | Depths:4 | 73758 ||| FLEEEEING.
 73772 | Depths:4 | 73772 ||| FLEEEEING.
 73805 | Depths:4 | Glimpsed the power of Zot.
 73842 | Depths:4 | 73842 ||| FLEEEEING.
 73868 | Depths:4 | 73868 ||| FLEEEEING.
 73904 | Depths:4 | Touched by the power of Zot.
 73905 | Depths:4 | Glimpsed the power of Zot.
 73941 | Depths:4 | 73941 ||| FLEEEEING.
 73969 | Depths:4 | 73969 ||| FLEEEEING.
 73970 | Depths:4 | 73970 ||| FLEEEEING.
 74146 | Depths:4 | 74146 ||| FLEEEEING.
 74344 | Depths:4 | 74344 ||| FLEEEEING.
 74345 | Depths:4 | 74345 ||| FLEEEEING.
 74354 | Depths:4 | 74354 ||| FLEEEEING.
 74405 | Depths:4 | Glimpsed the power of Zot.
 74456 | Depths:4 | 74456 ||| FLEEEEING.
 74640 | Depths:4 | 74640 ||| FLEEEEING.
 74641 | Depths:4 | 74641 ||| FLEEEEING.
 74805 | Depths:4 | Glimpsed the power of Zot.
 74904 | Depths:4 | Touched by the power of Zot.
 74905 | Depths:4 | Glimpsed the power of Zot.
 75071 | Depths:4 | 75071 ||| FLEEEEING.
 75135 | Depths:4 | 75135 ||| FLEEEEING.
 75164 | Depths:4 | 75164 ||| FLEEEEING.
 75165 | Depths:4 | 75165 ||| FLEEEEING.
 75307 | Depths:4 | 75307 ||| FLEEEEING.
 75308 | Depths:4 | 75308 ||| FLEEEEING.
 75382 | Depths:4 | 75382 ||| FLEEEEING.
 75405 | Depths:4 | Glimpsed the power of Zot.
 75666 | Depths:4 | 75666 ||| FLEEEEING.
 75765 | Depths:4 | 75765 ||| FLEEEEING.
 75766 | Depths:4 | 75766 ||| FLEEEEING.
 75784 | Depths:4 | 75784 ||| FLEEEEING.
 75784 | Depths:4 | HP: 1/28 [daeva/divine providence (15)]
 75785 | Depths:4 | 75785 ||| FLEEEEING.
 75805 | Depths:4 | Glimpsed the power of Zot.
 75823 | Depths:4 | 75823 ||| FLEEEEING.
 75823 | Depths:4 | HP: 4/28 [daeva/divine providence (13)]
 75824 | Depths:4 | 75824 ||| FLEEEEING.
 75858 | Depths:4 | 75858 ||| FLEEEEING.
 75904 | Depths:4 | Touched by the power of Zot.
 75905 | Depths:4 | Glimpsed the power of Zot.
 76037 | Depths:4 | 76037 ||| FLEEEEING.
 76037 | Depths:4 | HP: 2/23 [daeva/divine providence (8)]
 76038 | Depths:4 | 76038 ||| FLEEEEING.
 76151 | Depths:4 | 76151 ||| FLEEEEING.
 76372 | Depths:4 | 76372 ||| FLEEEEING.
 76405 | Depths:4 | Glimpsed the power of Zot.
 76801 | Depths:4 | 76801 ||| FLEEEEING.
 76805 | Depths:4 | Glimpsed the power of Zot.
 76904 | Depths:4 | Touched by the power of Zot.
 76905 | Depths:4 | Glimpsed the power of Zot.
 76906 | Depths:4 | 76906 ||| FLEEEEING.
 76968 | Depths:4 | 76968 ||| FLEEEEING.
 76968 | Depths:4 | Killed from afar by a daeva

Levels and vault maps discovered:
D:1:      eino_arrival_druids_welcome, layout_loops_corners,
          hellmonk_ecumenical_altar_run_dry, serial_shops,
          nicolae_shop_hallway_stairs, minmay_ruptured
D:2:      layout_basic
D:3:      layout_basic, uniq_natasha, uniq_jessica
D:4:      layout_gridville, old_standard_altar, lightli_temple_of_fire,
          gammafunk_temple_overflow_claw, minmay_mini_jars
D:5:      layout_basic, mainiacjoe_overflow_alcove_2,
          mainiacjoe_overflow_concentric_impassable
D:6:      layout_basic, mainiacjoe_overflow_big_doors, fedhas_altar_2,
          nicolae_qazlal_scattered_showers, mainiacjoe_overflow_24_doors,
          temple_fountains, minmay_between
D:7:      layout_cave_pools, nicolae_gozag_zags_fifth_avenue, lemuel_tele_altar
D:8:      layout_layer_cave, grunt_temple_overflow_magic_moments,
          overflow_temple_1_default, mainiacjoe_overflow_cross_hatched,
          enter_bailey_2
D:9:      layout_loops_ring, nicolae_overflow_hidden_temple,
          nicolae_ru_the_path_less_chosen, hangedman_decor_growths,
          nicolae_eternal_life, uniq_gastronok
D:10:     layout_roguey, due_lair_maze_entry_diamond, serial_bayou,
          serial_bayou_pond_a, serial_bayou_pond_c, serial_bayou_pond_b,
          serial_bayou_shore_b, mrwooster_statue_mirror, grunt_decor_fettered,
          minivault_26, hangedman_abyss_or_decor_slice
D:11:     layout_basic, zombieorc2_lemuel, serial_corexii_hall,
          chequers_hall_statues_corner_a, corexii_hall_statues_x
D:12:     layout_cave_pools, serial_demonic, serial_demonic_c, serial_demonic_f,
          serial_demonic_e, serial_demonic_c
D:13:     layout_irregular_city, gauntlet_entry_generic, lemuel_nasty_fountain
D:14:     layout_roguey, grunt_vaults_entry_tiered,
          portal_ice_cave_entry_ice_statue_one, gammafunk_ghost_arena,
          cheibriados_altar_1, uniq_rupert
D:15:     gammafunk_enter_depths_forms, layout_basic, nicolae_sextant,
          lemuel_flamethrower_hall
Temple:   ebering_the_one_and_only
Lair:1:   layout_chaotic_city
Lair:2:   layout_cave_pods, minmay_swamp_entry_worms
Lair:3:   layout_regular_city, hellmonk_spider_entry_life_and_decay,
          basic_altar, kennysheep_catoblepas_arena, uniq_kirke
Lair:4:   layout_regular_city
Lair:5:   evilmike_catoblepas_cave, layout_loops_ring, slime_entry_1,
          evilmike_ambush [evilmike_ambush_outer_doors,
          evilmike_ambush_inner_basic]
Swamp:1:  layout_falls_marsh, evilmike_swamp_ruin_house_4
Swamp:2:  layout_basic_swamp, infiniplex_staircase_pool_2, swamp_pool2,
          uniq_frances
Swamp:3:  gammafunk_mikee_crab_dinner, layout_falls_marsh,
          infiniplex_staircase_pool, swamp_pool4, hangedman_swamp_grove
Swamp:4:  swamp_basic_johnstein, layout_basic_swamp,
          ebering_ghost_reflecting_pool, swamp_pool1, uniq_mara
Spider:1: layout_spider_delve, hellmonk_ghost_happy_afterlife
Spider:2: layout_chambers
Spider:3: layout_spider_delve, nicolae_spider_jagged_tunnels, uniq_arachne,
          uniq_mlioglotl
Spider:4: spider_rune_water, nicolae_spider_bzzzt
Orc:1:    layout_caves, nicolae_orc_lost_temple
Orc:2:    grunt_orc_gardens, layout_diamond_mine, grunt_orc_garden,
          grunt_orc_garden, grunt_orc_garden, grunt_orc_garden
Vaults:1: v_alt_pattern_3, nicolae_vaults_big_ls, nicolae_vaults_circle_grid_b,
          nicolae_vaults_network_quinsquares
          [nicolae_vaults_network_quincunx_subvault,
          nicolae_vaults_network_quincunx_subvault,
          nicolae_vaults_network_quincunx_subvault,
          nicolae_vaults_network_quincunx_subvault], v_misc_18,
          ontoclasm_vaults_misaligned, nicolae_vaults_ring_of_whatevers,
          grunt_vaults_diagonal, v_misc_2, hangedman_vaults_nails,
          layout_vaults_maze_snakey, serial_shops,
          nicolae_shop_bloodbath_and_beyond, uniq_aizul, uniq_asterion
Vaults:2: minmay_crypt_entry_necro_gods, ontoclasm_vaults_chip,
          vaults_dpeg_spiral, vaults_standard_mumra_lines, serial_ice_h,
          grunt_vaults_funnel, hangedman_vaults_variations,
          nicolae_vaults_little_squares_3, nicolae_vaults_mini_display_case,
          vaults_room_corners, layout_vaults_omnigrid
Vaults:3: hangedman_vaults_stream, hangedman_vaults_corner_blocks,
          vaults_dpeg_emergency_exit, nicolae_vaults_ninety_degrees,
          hangedman_vaults_capsules, hangedman_vaults_cutoff,
          ontoclasm_vaults_bender, ontoclasm_vaults_tryst,
          nicolae_vaults_specimen_jars, v_pattern_4, vaults_room_pool,
          nicolae_vaults_gold_heap, layout_vaults_ring, serial_shops,
          nicolae_shop_trees, uniq_mennas
Vaults:4: vaults_room_glass_cross, ontoclasm_vaults_idyll, v_alt_pattern_6,
          v_misc_9, hangedman_vaults_restitches, nicolae_vaults_puzzle_piece,
          grunt_vaults_trifunnel, vaults_dpeg_cross, v_pattern_2,
          ontoclasm_vaults_shuriken, v_misc_8, layout_vaults_omnibox,
          serial_shops, shop_statue, uniq_margery, uniq_boris, uniq_saint_roka
Vaults:5: uniq_sojobo
Depths:1: layout_cave_shapes, pf_dread_powers_of_hell, serial_shops, statue_bzr,
          rand_demon_pan_entry_1, chequers_serial_rivers_small_a,
          kennysheep_cross_bottleneck, nicolae_diode_stairs
Depths:2: hangedman_elemental_death_ray, layout_cave_pools, enter_ziggurat_e,
          pf_hell_entry_tar_river, pan_entry, kennysheep_donut,
          minmay_staircase_windowed_large, uniq_grunn
Depths:3: lemuel_castle_with_subvaults [lemuel_castle_interior_carwin_1],
          layout_small_grid, minmay_tree_intersection,
          grunt_hell_entry_demonic_statue, hangedman_abyss_entry_splay,
          minmay_staircase_bubble
Depths:4: grunt_crosshair, layout_gridlike, hell_entry, bloody_trog,
          lemuel_angel_altar, serial_bayou_shore_a, uniq_xtahua
Zot:1:    layout_gridville, st_small_dragon_hoard_4, hangedman_xom_zot_hilarity,
          grunt_megastairs_3

Skill      XL: |  1  2  3  4  5  6  7  8  9 10 11 12 13 14 15 16 17 18 19 20 21 22 23 24 |
---------------+-------------------------------------------------------------------------+-----
Axes           | 2 3 4 5 6 7 8 9 10 11 12 14 15 16 18 | 18.0
Fighting       | 4 6 7 8 9 10 11 12 13 14 15 17 18 19 22 | 22.6
Dodging        | 1 2 3 4 5 7 8 |  8.0
Throwing       | 2 3 4 6 7 9 10 11 12 13 | 13.0
Armour         | 6 9 10 11 14 15 16 18 19 20 21 22 | 22.0
Shields        | 4 5 6 7 8 13 15 19 20 21 | 21.6
Invocations    | 4 9 10 | 10.0

Action                   |  1- 3 |  4- 6 |  7- 9 | 10-12 | 13-15 | 16-18 | 19-21 | 22-24 || total
-------------------------+-------+-------+-------+-------+-------+-------+-------+-------++-------
Melee: War axe           |    97 |   119 |   309 |   414 |     6 |    11 |       |       ||   956
       Broad axe         |       |       |       |    83 |   845 |  1018 |  1389 |  1074 ||  4409
Throw: Javelin           |       |       |    53 |    73 |    94 |    73 |    69 |    47 ||   409
       Boomerang         |       |       |       |    20 |    71 |   100 |    28 |    32 ||   251
Invok: Heroism           |       |       |     4 |    27 |    39 |    41 |    39 |    38 ||   188
       Finesse           |       |       |       |     3 |    16 |    14 |    11 |    17 ||    61
  Use: Scroll            |     2 |     6 |    13 |     7 |    11 |     5 |     5 |    13 ||    62
       Potion            |       |       |     2 |     2 |     1 |     4 |     5 |     7 ||    21
 Stab: Petrified         |       |       |       |     1 |       |       |       |       ||     1
Armor: Scale mail        |    44 |    63 |    99 |       |       |       |       |       ||   206
       Plate armour      |       |       |    75 |   219 |    74 |       |       |       ||   368
       Crystal plate arm |       |       |       |       |   306 |   606 |   966 |   559 ||  2437
Dodge: Dodged            |    44 |    48 |    87 |   135 |   172 |   200 |   318 |   224 ||  1228
Block: Buckler           |    11 |    21 |    59 |    90 |   254 |   222 |       |       ||   657
       Reflection        |       |       |       |       |    12 |    13 |    29 |    31 ||    85
       Kite shield       |       |       |       |       |       |   408 |   276 |       ||   684
       Tower shield      |       |       |       |       |       |       |  1104 |  1037 ||  2141

Table legend:
 A = Non-vault XP
 B = Vault XP
 C = Vault XP percentage of total XP
 D = Non-vault monster count
 E = Vault monster count
 F = Vault count percentage of total count
                 A         B        C        D         E       F
            +---------+---------+-------+---------+---------+-------
      Total |  457597 |  448278 |  49.5 |    1055 |     618 |  36.9
            +---------+---------+-------+---------+---------+-------
        D:1 |      53 |       6 |  10.2 |      28 |       3 |   9.7
        D:2 |     118 |       0 |   0.0 |      24 |       0 |   0.0
        D:3 |     268 |      72 |  21.2 |      26 |       2 |   7.1
        D:4 |     464 |     151 |  24.6 |      29 |      10 |  25.6
        D:5 |     606 |       0 |   0.0 |       9 |       0 |   0.0
        D:6 |     837 |      97 |  10.4 |      22 |       5 |  18.5
        D:7 |     835 |       0 |   0.0 |      15 |       0 |   0.0
        D:8 |    1756 |       0 |   0.0 |      18 |       0 |   0.0
        D:9 |    2456 |    1570 |  39.0 |      15 |       1 |   6.2
       D:10 |    2555 |    2839 |  52.6 |      16 |      13 |  44.8
       D:11 |    1315 |     825 |  38.6 |       4 |      36 |  90.0
       D:12 |    4056 |    2712 |  40.1 |       9 |       6 |  40.0
       D:13 |    8471 |       0 |   0.0 |      31 |       0 |   0.0
       D:14 |   10801 |   10437 |  49.1 |      19 |      27 |  58.7
       D:15 |    7972 |    5374 |  40.3 |      13 |      10 |  43.5
     Lair:1 |    4821 |       0 |   0.0 |      20 |       0 |   0.0
     Lair:2 |    2197 |    1005 |  31.4 |       6 |       4 |  40.0
     Lair:3 |    5525 |    3046 |  35.5 |      18 |       7 |  28.0
     Lair:4 |    3821 |       0 |   0.0 |      23 |       0 |   0.0
     Lair:5 |   10068 |   12955 |  56.3 |      24 |      28 |  53.8
    Swamp:1 |    8611 |       0 |   0.0 |      19 |       0 |   0.0
    Swamp:2 |   10579 |    1587 |  13.0 |      17 |       1 |   5.6
    Swamp:3 |    8897 |    4678 |  34.5 |      15 |       5 |  25.0
    Swamp:4 |   17695 |   26342 |  59.8 |      33 |      33 |  50.0
   Spider:1 |   14548 |       0 |   0.0 |      38 |       0 |   0.0
   Spider:2 |   23874 |    1727 |   6.7 |      53 |       1 |   1.9
   Spider:3 |    8774 |   10429 |  54.3 |      27 |      16 |  37.2
   Spider:4 |    8074 |   23271 |  74.2 |      16 |      53 |  76.8
      Orc:1 |    2776 |     534 |  16.1 |      34 |       1 |   2.9
      Orc:2 |    1895 |    7653 |  80.2 |      17 |      11 |  39.3
   Vaults:1 |   34118 |   31834 |  48.3 |      50 |      41 |  45.1
   Vaults:2 |   18056 |   10890 |  37.6 |      31 |      18 |  36.7
   Vaults:3 |   35524 |   18958 |  34.8 |      46 |      18 |  28.1
   Vaults:4 |   39586 |   62305 |  61.1 |      61 |      80 |  56.7
   Vaults:5 |   13524 |   70116 |  83.8 |      23 |      52 |  69.3
   Depths:1 |   18316 |    5172 |  22.0 |      22 |       8 |  26.7
   Depths:2 |   28620 |   19997 |  41.1 |      38 |      20 |  34.5
   Depths:3 |   18294 |   85259 |  82.3 |      18 |      82 |  82.0
   Depths:4 |   41056 |   22752 |  35.7 |      55 |      17 |  23.6
      Zot:1 |    1417 |       0 |   0.0 |       1 |       0 |   0.0
    Abyss:2 |   34368 |       0 |   0.0 |      72 |       0 |   0.0
   Gauntlet |       0 |    3685 | 100.0 |       0 |       9 | 100.0
            +---------+---------+-------+---------+---------+-------
